 Dungeon Crawl Stone Soup version 0.30.0-29-ga12c61a403 (webtiles) character file.

Game seed: 4938129431847231782

332962 qw the Peltast (level 21, 90/90 HPs)
             Began as a Gargoyle Fighter on June 4, 2023.
             Was a High Priest of Okawaru.
             Quit the game on level 1 of the Depths on June 5, 2023.
             The game lasted 00:45:22 (47500 turns).

qw the Peltast (Gargoyle Fighter)                  Turns: 47500, Time: 00:45:22

Health: 90/90      AC: 60    Str: 35    XL:     21   Next: 80%
Magic:  28/28      EV: 19    Int:  7    God:    Okawaru [*****.]
Gold:   2380       SH: 25    Dex: 16    Spells: 20/20 levels left

rFire   + . .        a - +8 broad axe "Arbiter" {spect, rElec rC- rN+ Int+2}
rCold   . . .        I - +1 tower shield {rPois}
rNeg    + + +        C - +10 plate armour "Loutrew" {rC+ Str+2 Int-3 Dex+4}
rPois   inf          v - +2 helmet {SInv}
rElec   +            G - +1 cloak of Dogma {rElec rF+}
rCorr   .            o - +0 pair of gloves of Xueleb {Will+ Dex+3 Stlth+}
SInv    +            l - +2 pair of boots
Will    ++...        u - amulet of faith Stlth
                     k - ring of Bejosm {EV+5 Str+3}
HPRegen 0.35/turn    p - ring of the Octopus King {rN+ HP+2 AC+2 EV+2 SH+2}
MPRegen 0.21/turn

%: faith
@: flying, bezotted
A: sickness immunity, AC +16, big wings, negative energy resistance 1,
electricity resistance, torment resistance 1, petrification resistance,
iridescent scales 1, deterioration 1, dopey 1
}: 2/15 runes: serpentine, barnacled
a: Renounce Religion, Heroism, Finesse, Duel


You were on level 1 of the Depths.
You worshipped Okawaru.
Okawaru was extremely pleased with you.
You visited 8 branches of the dungeon, and saw 36 of its levels.
You also visited: Sewer.

You collected 4393 gold pieces.
You spent 2013 gold pieces at shops.


Innate Abilities, Weirdness & Mutations

You are immune to sickness and miasma.
Your stone body is resilient. (AC +16)
You are immune to poison.
Your large and strong wings let you fly.
You resist negative energy. (rN+)
You are resistant to electric shocks. (rElec)
You are resistant to unholy torment.
You are immune to petrification.
You are partially covered in iridescent scales. (AC +2)
Your body sometimes deteriorates upon taking damage.
You are dopey. (Int -2)


   Skills:
 - Level 19.0 Fighting
 - Level 18.0 Axes
 - Level 10.2 Throwing
 - Level 18.1 Armour
 + Level 8.5 Dodging
 - Level 20.0 Shields
 - Level 10.0 Invocations


You had 20 spell levels left.
You didn't know any spells.
Your spell library was empty.

Inventory:

Hand Weapons
 a - the +8 broad axe "Arbiter" (weapon) {spect, rElec rC- rN+ Int+2}
   (You acquired it on level 1 of the Dungeon)

   Int:       It affects your intelligence (+2).
   rC:        It makes you vulnerable to cold.
   rElec:     It insulates you from electricity.
   rN:        It protects you from negative energy.
 D - a +2 broad axe of electrocution
 F - the +3 war axe "Moniufuohi" {protect, Fly rF- rC++ Str+3}
   (You bought it in a shop on level 1 of the Orcish Mines)

   Str:       It affects your strength (+3).
   rF:        It makes you vulnerable to fire.
   rC:        It greatly protects you from cold.
   Fly:       It grants you flight.
 L - the +10 broad axe "Dete Menn" {freeze, +Blink Str+3}
   (You acquired it on level 3 of the Snake Pit)

   Str:       It affects your strength (+3).
   +Blink:    It lets you blink.
Missiles
 e - 10 boomerangs of dispersal
 j - 5 silver javelins (quivered)
 A - 39 boomerangs
 B - 35 javelins
Armour
 l - a +2 pair of boots (worn)
 m - a +2 pair of gloves of infusion
 o - the +0 pair of gloves of Xueleb (worn) {Will+ Dex+3 Stlth+}
   (You acquired it on level 6 of the Dungeon)

   Dex:       It affects your dexterity (+3).
   Will:      It increases your willpower.
   Stlth:     It makes you more stealthy.
 v - a +2 helmet of see invisible (worn)
 y - +0 acid dragon scales
 C - the +10 plate armour "Loutrew" (worn) {rC+ Str+2 Int-3 Dex+4}
   (You found it on level 9 of the Dungeon)

   Str:       It affects your strength (+2).
   Int:       It affects your intelligence (-3).
   Dex:       It affects your dexterity (+4).
   rC:        It protects you from cold.
 G - the +1 cloak of Dogma (worn) {rElec rF+}
   (You bought it in a shop on level 1 of the Orcish Mines)

   rF:        It protects you from fire.
   rElec:     It insulates you from electricity.
 I - a +1 tower shield of poison resistance (worn)
Jewellery
 b - a ring of protection from fire
 g - a ring of ice
 k - the ring of Bejosm (left hand) {EV+5 Str+3}
   (You found it on level 2 of the Dungeon)

   [ring of evasion]

   EV:        It affects your evasion (+5).
   Str:       It affects your strength (+3).
 p - a ring of the Octopus King (right hand) {rN+ HP+2 AC+2 EV+2 SH+2}
   (You found it on level 9 of the Dungeon)

   [ring of positive energy]

   AC:        It affects your AC (+2).
   EV:        It affects your evasion (+2).
   rN:        It protects you from negative energy.
   HP:        It affects your health (+2).
   SH:        It affects your SH (+2).
 u - an amulet of faith (around neck)
 x - an amulet of regeneration
 H - the ring "Ipsoit" {Fire rPois Will++ rCorr Int-4}
   (You found it on level 4 of the Vaults)

   [ring of fire]

   It enhances your fire magic.
   Int:       It affects your intelligence (-4).
   rF:        It protects you from fire.
   rC:        It makes you vulnerable to cold.
   rPois:     It protects you from poison.
   rCorr:     It protects you from acid and corrosion.
   Will:      It greatly increases your willpower.
Wands
 w - a wand of digging (26)
Scrolls
 h - 7 scrolls of identify
 q - 6 scrolls of enchant weapon
 s - 3 scrolls of enchant armour
 t - 15 scrolls of teleportation
 K - 2 scrolls of brand weapon
Potions
 c - 3 potions of magic
 d - 17 potions of might
 f - 20 potions of curing
 i - 4 potions of mutation
 n - 4 potions of resistance
 r - 11 potions of haste
 z - 8 potions of attraction
 E - 5 potions of lignification
 J - a potion of cancellation

Dungeon Overview and Level Annotations

Branches:
Dungeon (15/15)            Temple (1/1) D:4            Lair (5/5) D:11
 Shoals (4/4) Lair:2        Snake (4/4) Lair:3        Slime (0/5) Lair:4
    Orc (2/2) D:10            Elf (0/3) Orc:2        Vaults (4/5) D:13
  Crypt (0/3) Vaults:3     Depths (1/4) D:15 Zot: 145   Sewer (visited)

Altars:
Ashenzari
Cheibriados
Dithmenos
Elyvilon
Fedhas
Gozag
Hepliaklqana
Kikubaaqudgha
Makhleb
Nemelex Xobeh
Okawaru
Qazlal
Ru
Sif Muna
Trog
Uskayaw
Vehumet
Wu Jian
Xom
Yredelemnul
Zin
The Shining One

Shops:
D:1 *   D:10 =   Orc:1 *   Orc:2 [![*   Shoals:1 =   Shoals:3 [   Snake:2 :*!(
Snake:4 [

Portals:
Hell: Depths:1
Ziggurat: Depths:1

Annotations:
D:3 3 runed translucent doors, qw's ghost, amateur GrFi
D:6 2 transporters, qw's ghost, novice GrCA
Depths:1 1 runed translucent door, exclusions: eye of devastation and floating eye


Message History

Enter note:
47500 ||| Propagated block 3 with 62 positions remaining
47500 ||| Memory count is 5446.5693359375
Enter note:
47500 ||| Propagated block 4 with 33 positions remaining
47500 ||| Memory count is 6470.8427734375
Enter note:
47500 ||| Propagated block 5 with 32 positions remaining
47500 ||| Memory count is 4349.4658203125
Enter note:
47500 ||| Propagated block 6 with 11 positions remaining
47500 ||| Memory count is 3943.6259765625
Enter note:
47500 ||| Propagated block 7 with 11 positions remaining
47500 ||| Memory count is 4993.103515625
Enter note:
47500 ||| Propagating distance map at 0,0 (floor) with 1 update positions
47500 ||| Propagating distance map at -18,-23 (stone_stairs_down_iii) with 1 update positions
47500 ||| Propagated block 1 with 24 positions remaining
47500 ||| Memory count is 6116.1669921875
Enter note:
47500 ||| Propagated block 2 with 66 positions remaining
47500 ||| Memory count is 4114.3583984375
Enter note:
47500 ||| Propagated block 3 with 70 positions remaining
47500 ||| Memory count is 3720.78515625
Enter note:
47500 ||| Propagated block 4 with 99 positions remaining
47500 ||| Memory count is 4758.8740234375
Enter note:
47500 ||| Propagated block 5 with 84 positions remaining
47500 ||| Memory count is 5763.4658203125
Enter note:
47500 ||| Propagated block 6 with 57 positions remaining
47500 ||| Memory count is 4377.1396484375
Enter note:
47500 ||| Propagated block 7 with 21 positions remaining
47500 ||| Memory count is 5418.8408203125
Enter note: Are you sure you want to abandon this character and quit the game? (Confirm with "yes".)

.###'#.#########...)....#
## #...............######
.# ##..........[...# .#
#..########....###### .#
#..# #..[[[....# .# #..#
#...).....# .#
#..########.........# .#
#...................# .#
#...........@..####.# .#
#..............# #.# .#
#..............# #.# .#
#..............####.# .#
#....#..............## .#
...###.......#+#....#
.####..##G##.....##J##...#
......##G\G##...##JJJ##..#
.......##.##....#JJJJJ#..#


You could see 4 rockslimes, an eye of devastation and a floating eye.

Vanquished Creatures
  Mennas (Vaults:4)
  Sojobo (Depths:1)
  Vashnia (Snake:4)
  Nikola (Shoals:1)
  the Enchantress (Depths:1)
  A lich (Depths:1)
  Jorgrun (D:12)
  7 sphinxes
  A kraken (Shoals:2)
  Polyphemus (Shoals:2)
  Frances (Shoals:1)
  4 tengu reavers
  Donald (Vaults:1)
  Roxanne (Shoals:2)
  10 nagarajas
  Ilsuiw (Shoals:2)
  4 fire giants
  3 frost giants
  A caustic shrike zombie (D:15)
  An orc warlord (Vaults:4)
  9 vault wardens
  9 ironbound thunderhulks
  A war gargoyle (Vaults:4)
  9 ironbound preservers
  3 spriggan defenders (Depths:1)
  9 very ugly things
  A deep elf demonologist (Vaults:4)
  A minotaur (D:13)
  16 dire elephants
  A stone giant (Depths:1)
  An ettin (Orc:1)
  Snorg (D:12)
  10 yaktaur captains
  8 merfolk javelineers
  11 merfolk impalers
  A fire dragon (D:15)
  An entropy weaver (Vaults:4)
  4 hydras
  A peacekeeper (Vaults:4)
  2 ice dragons (Depths:1)
  A rakshasa (Depths:1)
  Fannar (Lair:3)
  4 anacondas
  12 great orbs of eyes
  4 vault guards
  Harold (D:10)
  A salamander tyrant (Snake:3)
  2 merfolk avatars (Shoals:2)
  2 spriggan air magi (Depths:1)
  8 ironbound frosthearts
  2 death knights (Vaults:3)
  3 catoblepae
  5 satyrs
  16 centaur warriors
  3 alligator snapping turtles
  6 death yaks
  6 merfolk aquamancers (Shoals:4)
  2 ogre magi
  12 two-headed ogres
  5 boulder beetles
  A tengu warrior (D:13)
  A deep troll earth mage (Depths:1)
  12 naga warriors
  2 deep troll shamans (Depths:1)
  An orc high priest (Orc:2)
  3 shock serpents
  2 spriggan berserkers (Depths:1)
  13 naga sharpshooters
  A deep elf knight (Snake:4)
  A titan zombie (Depths:1)
  Nergalle (D:12)
  8 skysharks
  2 skeletal warriors (D:15)
  A fire crab (D:11)
  4 salamander mystics
  32 deep trolls
  14 sea snakes
  A glowing orange brain (Vaults:2)
  2 deep elf archers
  7 naga ritualists
  A tengu zombie (Depths:1)
  3 deep elf pyromancers
  8 wizards
  8 lindwurms
  2 deep elf zephyrmancers (D:13)
  3 necromancers
  8 ironbound convokers
  7 orc knights
  12 harpies
  A phantasmal warrior (D:15)
  10 mana vipers
  A wolf spider (Lair:1)
  12 salamanders
  A frost giant zombie (D:15)
  42 ugly things
  A stone giant zombie (D:15)
  An orc sorcerer (Orc:1)
  A fire giant zombie (Depths:1)
  4 oklob plants (Lair:4)
  A fire giant skeleton (D:15)
  12 manticores
  23 fauns
  7 cyclopes
  10 merfolk sirens
  28 black mambas
  16 naga magi
  14 cane toads
  An elf zombie (Vaults:3)
  9 elephants
  A guardian serpent (Snake:2)
  16 vault sentinels
  A torpor snail (Lair:5)
  7 water nymphs
  A gargoyle (D:13)
  An unseen horror (D:12)
  2 efreet
  An elf skeleton (Vaults:3)
  6 rime drakes
  A rime drake (shapeshifter) (D:15)
  2 freezing wraiths
  15 komodo dragons
  A kobold demonologist (D:9)
  27 yaktaurs
  3 tengu conjurers
  37 merfolk
  12 trolls
  4 polar bears
  Grinder (D:4)
  3 meliai (D:15)
  16 blink frogs
  14 dream sheep
  6 wind drakes
  4 hornets
  11 snapping turtles
  2 frost giant simulacra
  27 slime creatures
  3 spriggans (Depths:1)
  Sigmund (D:5)
  2 wyverns
  2 basilisks
  6 wraiths
  3 water elementals (Shoals:2)
  Eustachio (D:4)
  44 yaks
  2 vampire mosquitoes (D:13)
  3 steam dragons (Shoals:3)
  2 redbacks (Vaults:4)
  41 nagas
  Menkaure (D:5)
  3 wargs
  An acid dragon (D:12)
  Edmund (D:4)
  7 water moccasins
  A hell hound (Snake:4)
  30 orc warriors
  12 ogres
  17 wolves
  2 black bears
  21 centaurs
  5 boggarts (Vaults:1)
  A phantom (D:7)
  4 kobold brigands
  7 bullfrogs
  2 scorpions
  7 wights
  8 killer bees
  3 electric eels
  2 howler monkeys
  3 hounds
  4 jellies
  5 orc priests
  A gnoll bouda (D:5)
  2 sleepcaps
  7 iguanas
  10 orc wizards
  18 gnolls
  16 adders
  A shadow imp (D:6)
  An ufetubus (D:5)
  A worm (D:3)
  55 orcs
  10 ball pythons
  7 bats
  2 endoplasms
  5 giant cockroaches
  34 goblins
  31 hobgoblins
  47 kobolds
  9 quokkas
  7 frilled lizards
  9 rats
  2 butterflies (Lair:2)
  3 tentacles (Shoals:2)
1351 creatures vanquished.

Vanquished Creatures (others)
  A steam dragon (Shoals:3)
  41 spectral weapons
  13 tentacles (Shoals:2)
55 creatures vanquished.

Grand Total: 1406 creatures vanquished

Notes
Turn   | Place    | Note
-------+----------+-------------------------------------------
     0 | D:1      | qw the Gargoyle Fighter began the quest for the Orb.
     0 | D:1      | Reached XP level 1. HP: 14/14 MP: 1/1
     0 | D:1      | 0 ||| qw: Version: 0.2-a-107-g4668610
     0 | D:1      | 0 ||| qw: Game counter: 1321
     0 | D:1      | 0 ||| qw: Always use a shield: true
     0 | D:1      | 0 ||| qw: God list: Okawaru
     0 | D:1      | 0 ||| qw: Allow faded altars: false
     0 | D:1      | 0 ||| qw: Do Orc after D:15 true
     0 | D:1      | 0 ||| qw: Do second Lair branch before Depths: true
     0 | D:1      | 0 ||| qw: Lair rune preference: random
     0 | D:1      | 0 ||| qw: Plans: Normal, Zot:1-4, Slime:5, God:TSO, Crypt,
                  | Tomb, Abyss, Pan, Hells, Win
     0 | D:1      | 0 ||| PLANNING D:1-11
   209 | D:1      | Found a faded altar of an unknown god.
   365 | D:1      | Found Baixeulalu's Assorted Antiques.
   379 | D:1      | 379 ||| FLEEEEING.
   380 | D:1      | 380 ||| FLEEEEING.
   381 | D:1      | 381 ||| FLEEEEING.
   382 | D:1      | 382 ||| FLEEEEING.
   383 | D:1      | 383 ||| FLEEEEING.
   384 | D:1      | 384 ||| FLEEEEING.
   385 | D:1      | 385 ||| FLEEEEING.
   398 | D:1      | 398 ||| SHOPLISTING glowing plate armour (624 gold, have
                  | 29).
   398 | D:1      | 398 ||| SHOPLISTING iron wand (96 gold, have 29).
   398 | D:1      | 398 ||| BUYING scroll labelled FOLYIG ERAIVOZE (24 gold).
   398 | D:1      | Bought a scroll labelled FOLYIG ERAIVOZE for 24 gold pieces
   398 | D:1      | 398 ||| SHOPLISTING scroll labelled LAEVUF OMOUBYW (24
                  | gold, have 5).
   398 | D:1      | 398 ||| SHOPLISTING short silver wand (96 gold, have 5).
   398 | D:1      | 398 ||| SHOPLISTING silver ring (120 gold, have 5).
   419 | D:1      | Reached XP level 2. HP: 19/19 MP: 2/2
   666 | D:1      | 666 ||| UPGRADING to +0 pair of boots.
   671 | D:1      | 671 ||| READING scroll labelled BIUTHR TOCUAJACK.
   672 | D:1      | 672 ||| READING scroll labelled RUUKODW ULEFE.
   673 | D:1      | 673 ||| READING scroll labelled PITEIR BOWO.
   674 | D:1      | 674 ||| READING scroll labelled FOLYIG ERAIVOZE.
   677 | D:1      | 677 ||| READING scroll labelled REEBI NUEHOR.
   677 | D:1      | Identified a scroll of acquirement
   677 | D:1      | 677 ||| ACQUIRING +8 broad axe "Arbiter" {spect, rElec rC-
                  | rN+ Int+2}
   677 | D:1      | Acquired the +8 broad axe "Arbiter" {spect, rElec rC- rN+
                  | Int+2}
   679 | D:1      | 679 ||| SWAPPING to +8 broad axe "Arbiter" {spect, rElec
                  | rC- rN+ Int+2}.
   702 | D:2      | 702 ||| STAIRDANCE
   705 | D:1      | Reached skill level 3 in Axes
   705 | D:1      | Reached XP level 3. HP: 20/23 MP: 3/3
   838 | D:2      | 838 ||| Stepping ~*~*~tactically~*~*~ (stealth).
   882 | D:2      | Identified the ring of Bejosm {EV+5 Str+3}
   980 | D:2      | 980 ||| Stepping ~*~*~tactically~*~*~ (stealth).
   982 | D:2      | 982 ||| Stepping ~*~*~tactically~*~*~ (hiding).
   985 | D:2      | 985 ||| Stepping ~*~*~tactically~*~*~ (hiding).
   986 | D:2      | 986 ||| Stepping ~*~*~tactically~*~*~ (hiding).
   987 | D:2      | 987 ||| Stepping ~*~*~tactically~*~*~ (hiding).
   988 | D:2      | 988 ||| Stepping ~*~*~tactically~*~*~ (hiding).
   989 | D:2      | 989 ||| Stepping ~*~*~tactically~*~*~ (hiding).
   990 | D:2      | 990 ||| Stepping ~*~*~tactically~*~*~ (hiding).
  1181 | D:2      | Reached XP level 4. HP: 28/28 MP: 4/4
  1397 | D:2      | 1397 ||| UPGRADING to +0 cloak.
  1402 | D:2      | 1402 ||| UPGRADING to ring of Bejosm {EV+5 Str+3}.
  1403 | D:2      | 1403 ||| READING scroll labelled SUGHAR FADOO.
  1404 | D:2      | 1404 ||| DRINKING 2 fizzy inky potions.
  1405 | D:2      | 1405 ||| READING 2 scrolls of identify.
  1405 | D:2      | 1405 ||| IDENTIFYING murky coppery potion
  1406 | D:2      | 1406 ||| DROPPING potion of flight.
  1443 | D:3      | 1443 ||| PLANNING SEWER
  1491 | D:3      | Reached XP level 5. HP: 32/32 MP: 5/5
  1491 | D:3      | 1491 ||| DROPPING +0 club.
  1493 | D:3      | Found a glowing drain.
  1512 | Sewer    | Entered a sewer
  1594 | Sewer    | Noticed a kobold brigand
  1599 | Sewer    | Killed a kobold brigand
  1732 | Sewer    | 1732 ||| DRINKING 2 fuming dark potions.
  1732 | Sewer    | Gained mutation: You are partially covered in iridescent
                  | scales. (AC +2) [potion of mutation]
  1732 | Sewer    | Gained mutation: You are dopey. (Int -2) [potion of
                  | mutation]
  1732 | Sewer    | Gained mutation: Your body sometimes deteriorates upon
                  | taking damage. [potion of mutation]
  1733 | Sewer    | 1733 ||| DRINKING 2 murky blue potions.
  1734 | Sewer    | 1734 ||| READING 2 scrolls of identify.
  1734 | Sewer    | 1734 ||| IDENTIFYING bubbling cyan potion
  1735 | Sewer    | 1735 ||| DROPPING potion of invisibility.
  1750 | D:3      | 1750 ||| PLANNING D:1-11
  1989 | D:3      | Reached skill level 1 in Dodging
  1989 | D:3      | Reached XP level 6. HP: 33/37 MP: 6/6
  2008 | D:3      | Found a runed translucent gate.
  2034 | D:3      | Found a runed translucent gate.
  2036 | D:3      | Found a runed translucent gate.
  2039 | D:3      | Noticed qw's ghost (amateur GrFi)
  2152 | D:3      | 2152 ||| Stepping ~*~*~tactically~*~*~ (hiding).
  2155 | D:3      | 2155 ||| Stepping ~*~*~tactically~*~*~ (hiding).
  2357 | D:3      | 2357 ||| UPGRADING to +0 pair of gloves.
  2365 | D:3      | 2365 ||| UPGRADING to +0 plate armour.
  2375 | D:3      | 2375 ||| DROPPING +0 scale mail.
  2424 | D:3      | 2424 ||| Stepping ~*~*~tactically~*~*~ (stealth).
  2439 | D:3      | 2439 ||| FLEEEEING.
  2440 | D:3      | 2440 ||| FLEEEEING.
  2441 | D:3      | 2441 ||| FLEEEEING.
  2468 | D:3      | 2468 ||| DROPPING +0 mace.
  2469 | D:3      | 2469 ||| DROPPING +0 flail.
  2501 | D:3      | 2501 ||| FLEEEEING.
  2502 | D:3      | 2502 ||| FLEEEEING.
  2503 | D:3      | 2503 ||| FLEEEEING.
  2504 | D:3      | 2504 ||| FLEEEEING.
  2505 | D:3      | 2505 ||| FLEEEEING.
  2506 | D:3      | 2506 ||| FLEEEEING.
  2507 | D:3      | 2507 ||| FLEEEEING.
  2508 | D:3      | 2508 ||| FLEEEEING.
  2509 | D:3      | 2509 ||| FLEEEEING.
  2510 | D:3      | 2510 ||| FLEEEEING.
  2511 | D:3      | 2511 ||| FLEEEEING.
  2512 | D:3      | 2512 ||| FLEEEEING.
  2513 | D:3      | 2513 ||| FLEEEEING.
  2514 | D:3      | 2514 ||| FLEEEEING.
  2515 | D:3      | 2515 ||| FLEEEEING.
  2516 | D:3      | 2516 ||| FLEEEEING.
  2517 | D:3      | 2517 ||| FLEEEEING.
  2518 | D:3      | 2518 ||| FLEEEEING.
  2519 | D:3      | 2519 ||| FLEEEEING.
  2520 | D:3      | 2520 ||| FLEEEEING.
  2521 | D:3      | 2521 ||| FLEEEEING.
  2550 | D:3      | Reached skill level 6 in Axes
  2938 | D:3      | 2938 ||| READING 2 scrolls of identify.
  2938 | D:3      | 2938 ||| IDENTIFYING sedimented purple potion
  2939 | D:3      | 2939 ||| DROPPING potion of degeneration.
  3022 | D:4      | Reached XP level 7. HP: 41/43 MP: 7/7
  3133 | D:4      | 3133 ||| Stepping ~*~*~tactically~*~*~ (hiding).
  3135 | D:4      | 3135 ||| Stepping ~*~*~tactically~*~*~ (hiding).
  3136 | D:4      | 3136 ||| Stepping ~*~*~tactically~*~*~ (hiding).
  3137 | D:4      | 3137 ||| Stepping ~*~*~tactically~*~*~ (hiding).
  3250 | D:4      | 3250 ||| Stepping ~*~*~tactically~*~*~ (hiding).
  3252 | D:4      | 3252 ||| Stepping ~*~*~tactically~*~*~ (hiding).
  3253 | D:4      | 3253 ||| Stepping ~*~*~tactically~*~*~ (hiding).
  3258 | D:4      | Noticed Eustachio
  3277 | D:4      | Killed Eustachio
  3437 | D:4      | Found a staircase to the Ecumenical Temple.
  3438 | D:4      | 3438 ||| PLANNING TEMPLE
  3438 | D:4      | 3438 ||| UPGRADING to +0 tower shield.
  3448 | D:4      | 3448 ||| DROPPING +0 buckler.
  3449 | D:4      | 3449 ||| UPGRADING to ring of willpower.
  3450 | D:4      | 3450 ||| READING 2 scrolls of identify.
  3450 | D:4      | 3450 ||| IDENTIFYING clear potion
  3462 | Temple   | Entered the Ecumenical Temple
  3525 | Temple   | 3525 ||| PLANNING OKAWARU WORSHIP
  3760 | Temple   | Became a worshipper of Warmaster Okawaru
  3760 | Temple   | 3760 ||| PLANNING D:1-11
  3984 | D:4      | Noticed Grinder
  3985 | D:4      | 3985 ||| Stepping ~*~*~tactically~*~*~ (hiding).
  3991 | D:4      | Killed Grinder
  3991 | D:4      | Reached * piety under Okawaru
  3992 | D:4      | Reached skill level 5 in Shields
  3992 | D:4      | Reached XP level 8. HP: 48/48 MP: 8/8
  4146 | D:4      | Noticed Edmund
  4147 | D:4      | 4147 ||| INVOKING Heroism.
  4152 | D:4      | Killed Edmund
  4153 | D:4      | Reached skill level 6 in Shields
  4174 | D:4      | Found a radiant altar of Vehumet.
  4325 | D:4      | 4325 ||| READING scroll labelled QIGGA NIOCLENY.
  4326 | D:4      | 4326 ||| READING scroll labelled UNUAM KUNUSUNT.
  4342 | D:5      | Entered Level 5 of the Dungeon
  4360 | D:5      | Reached skill level 1 in Invocations
  4420 | D:5      | 4420 ||| INVOKING Heroism.
  4467 | D:5      | 4467 ||| INVOKING Heroism.
  4469 | D:5      | Noticed Menkaure
  4476 | D:5      | Killed Menkaure
  4477 | D:5      | Reached skill level 7 in Shields
  4477 | D:5      | Reached skill level 3 in Invocations
  4511 | D:5      | Found a bloodstained altar of Trog.
  4764 | D:5      | 4764 ||| Stepping ~*~*~tactically~*~*~ (stealth).
  4766 | D:5      | 4766 ||| Stepping ~*~*~tactically~*~*~ (hiding).
  4772 | D:5      | 4772 ||| INVOKING Heroism.
  4807 | D:5      | Noticed Sigmund
  4808 | D:5      | 4808 ||| Stepping ~*~*~tactically~*~*~ (stealth).
  4811 | D:5      | 4811 ||| INVOKING Heroism.
  4814 | D:5      | Killed Sigmund
  4815 | D:5      | Reached skill level 8 in Shields
  4815 | D:5      | Reached XP level 9. HP: 50/52 MP: 9/12
  5085 | D:5      | 5085 ||| READING 3 scrolls of identify.
  5085 | D:5      | 5085 ||| IDENTIFYING metallic silvery potion
  5086 | D:5      | 5086 ||| DRINKING potion of experience.
  5086 | D:5      | Reached skill level 15 in Shields
  5086 | D:5      | Reached XP level 10. HP: 56/56 MP: 13/13
  5087 | D:5      | 5087 ||| READING 2 scrolls of identify.
  5087 | D:5      | 5087 ||| IDENTIFYING emerald potion
  5088 | D:5      | 5088 ||| DROPPING potion of brilliance.
  5167 | D:6      | 5167 ||| INVOKING Heroism.
  5274 | D:6      | 5274 ||| Stepping ~*~*~tactically~*~*~ (hiding).
  5276 | D:6      | 5276 ||| Stepping ~*~*~tactically~*~*~ (hiding).
  5277 | D:6      | 5277 ||| Stepping ~*~*~tactically~*~*~ (hiding).
  5278 | D:6      | 5278 ||| Stepping ~*~*~tactically~*~*~ (hiding).
  5407 | D:6      | 5407 ||| INVOKING Heroism.
  5538 | D:6      | 5538 ||| READING scroll of acquirement.
  5538 | D:6      | 5538 ||| ACQUIRING +0 pair of gloves of Xueleb {Will+ Dex+3
                  | Stlth+}
  5538 | D:6      | Acquired the +0 pair of gloves of Xueleb {Will+ Dex+3
                  | Stlth+}
  5540 | D:6      | 5540 ||| UPGRADING to +0 pair of gloves of Xueleb {Will+
                  | Dex+3 Stlth+}.
  5550 | D:6      | 5550 ||| DROPPING +0 pair of gloves.
  5779 | D:6      | Found a transporter.
  5782 | D:6      | Noticed qw's ghost (novice GrCA)
  5809 | D:6      | Found a transporter.
  5923 | D:6      | 5923 ||| DRINKING 2 sedimented blue potions.
  6002 | D:7      | Reached ** piety under Okawaru
  6248 | D:7      | Found a glowing golden altar of the Shining One.
  6364 | D:7      | Found a hide-covered altar of Uskayaw.
  6582 | D:7      | 6582 ||| UPGRADING to amulet of faith.
  6587 | D:7      | 6587 ||| READING 3 scrolls labelled QEPIF IKLOCKA.
  6588 | D:7      | 6588 ||| DRINKING 3 puce potions.
  6615 | D:7      | 6615 ||| Stepping ~*~*~tactically~*~*~ (stealth).
  6724 | D:8      | 6724 ||| INVOKING Heroism.
  6745 | D:8      | 6745 ||| Stepping ~*~*~tactically~*~*~ (hiding).
  7026 | D:8      | 7026 ||| INVOKING Heroism.
  7094 | D:8      | 7094 ||| Stepping ~*~*~tactically~*~*~ (stealth).
  7095 | D:8      | 7095 ||| Stepping ~*~*~tactically~*~*~ (stealth).
  7096 | D:8      | 7096 ||| Stepping ~*~*~tactically~*~*~ (stealth).
  7156 | D:8      | Noticed a cyan ugly thing
  7160 | D:8      | Killed a cyan ugly thing
  7482 | D:8      | 7482 ||| Stepping ~*~*~tactically~*~*~ (hiding).
  7483 | D:8      | 7483 ||| Stepping ~*~*~tactically~*~*~ (hiding).
  7484 | D:8      | 7484 ||| Stepping ~*~*~tactically~*~*~ (hiding).
  7486 | D:8      | 7486 ||| Stepping ~*~*~tactically~*~*~ (hiding).
  7491 | D:8      | 7491 ||| Stepping ~*~*~tactically~*~*~ (hiding).
  7492 | D:8      | 7492 ||| Stepping ~*~*~tactically~*~*~ (hiding).
  7494 | D:8      | 7494 ||| Stepping ~*~*~tactically~*~*~ (hiding).
  7497 | D:8      | 7497 ||| INVOKING Heroism.
  7500 | D:8      | 7500 ||| Stepping ~*~*~tactically~*~*~ (water).
  7751 | D:8      | 7751 ||| READING 2 scrolls labelled GIMAORPH NEES.
  7752 | D:8      | 7752 ||| READING scroll labelled WYJUFIEMAQ.
  7753 | D:8      | 7753 ||| READING scroll labelled GUCOQA GOQOITZAJ.
  7854 | D:8      | 7854 ||| READING 3 scrolls of identify.
  7854 | D:8      | 7854 ||| IDENTIFYING murky black potion
  7855 | D:8      | 7855 ||| READING 2 scrolls of identify.
  7855 | D:8      | 7855 ||| IDENTIFYING white potion
  7856 | D:8      | 7856 ||| DROPPING potion of ambrosia.
  7857 | D:8      | 7857 ||| DROPPING scroll of fog.
  7913 | D:9      | Reached skill level 1 in Throwing
  7917 | D:9      | Reached *** piety under Okawaru
  7922 | D:9      | Noticed a kobold demonologist
  7926 | D:9      | Noticed a sun demon
  7926 | D:9      | 7926 ||| INVOKING Heroism.
  7932 | D:9      | Killed a kobold demonologist
  7984 | D:9      | 7984 ||| INVOKING Heroism.
  8003 | D:9      | Found a broken altar of Ashenzari.
  8004 | D:9      | 8004 ||| INVOKING Heroism.
  8010 | D:9      | Reached XP level 11. HP: 64/64 MP: 11/14
  8063 | D:9      | 8063 ||| Stepping ~*~*~tactically~*~*~ (hiding).
  8083 | D:9      | Noticed a two-headed ogre
  8084 | D:9      | 8084 ||| INVOKING Heroism.
  8089 | D:9      | Killed a two-headed ogre
  8089 | D:9      | Reached **** piety under Okawaru
  8090 | D:9      | Reached skill level 6 in Fighting
  8147 | D:9      | 8147 ||| Stepping ~*~*~tactically~*~*~ (hiding).
  8148 | D:9      | 8148 ||| Stepping ~*~*~tactically~*~*~ (hiding).
  8150 | D:9      | 8150 ||| Stepping ~*~*~tactically~*~*~ (hiding).
  8151 | D:9      | 8151 ||| Stepping ~*~*~tactically~*~*~ (hiding).
  8152 | D:9      | 8152 ||| INVOKING Heroism.
  8323 | D:9      | Found the +10 Black Knight's barding {ponderous, rPois rN+}
  8328 | D:9      | Noticed a catoblepas
  8328 | D:9      | Noticed a manticore
  8329 | D:9      | 8329 ||| Stepping ~*~*~tactically~*~*~ (hiding).
  8331 | D:9      | 8331 ||| INVOKING Heroism.
  8333 | D:9      | Noticed a white ugly thing
  8337 | D:9      | Killed a white ugly thing
  8338 | D:9      | Noticed a centaur warrior
  8340 | D:9      | Killed a manticore
  8340 | D:9      | Noticed a centaur warrior
  8340 | D:9      | HP: 14/66 [centaur warrior (4)]
  8341 | D:9      | 8341 ||| DRINKING potion of heal wounds.
  8342 | D:9      | Killed a centaur warrior
  8342 | D:9      | Noticed a two-headed ogre
  8343 | D:9      | Reached skill level 9 in Axes
  8345 | D:9      | Killed a centaur warrior
  8345 | D:9      | Reached ***** piety under Okawaru
  8345 | D:9      | Killed a two-headed ogre
  8347 | D:9      | 8347 ||| INVOKING Finesse.
  8350 | D:9      | HP: 9/66 [catoblepas (12)]
  8351 | D:9      | Killed a catoblepas
  8351 | D:9      | Received a gift from Okawaru
  8352 | D:9      | Reached skill level 6 in Armour
  8352 | D:9      | Reached skill level 6 in Invocations
  8547 | D:9      | Found the ring of the Octopus King
  8548 | D:9      | Identified a ring of the Octopus King {rN+ HP+2 AC+2 EV+2
                  | SH+2}
  8559 | D:9      | Noticed a two-headed ogre
  8560 | D:9      | 8560 ||| INVOKING Heroism.
  8566 | D:9      | Killed a two-headed ogre
  8632 | D:9      | Identified the +10 plate armour "Loutrew" {rC+ Str+2 Int-3
                  | Dex+4}
  8764 | D:9      | Noticed a red ugly thing
  8774 | D:9      | Killed a red ugly thing
  8962 | D:9      | 8962 ||| UPGRADING to +10 plate armour "Loutrew" {rC+ Str+2
                  | Int-3 Dex+4}.
  8972 | D:9      | 8972 ||| DROPPING +0 plate armour.
  8973 | D:9      | 8973 ||| UPGRADING to ring of the Octopus King {rN+ HP+2
                  | AC+2 EV+2 SH+2}.
  8979 | D:9      | 8979 ||| DROPPING ring of willpower.
  8980 | D:9      | 8980 ||| READING 2 scrolls labelled DYEPOO DOSTEO.
  8981 | D:9      | 8981 ||| READING scroll labelled EGIW UFINUD.
  8982 | D:9      | 8982 ||| DROPPING scroll of poison.
  9016 | D:10     | Entered Level 10 of the Dungeon
  9132 | D:10     | Found Fueguj's Jewellery Emporium.
  9136 | D:10     | 9136 ||| BUYING ring of protection from fire (350 gold).
  9136 | D:10     | Bought a ring of protection from fire for 350 gold pieces
  9146 | D:10     | 9146 ||| INVOKING Heroism.
  9147 | D:10     | Noticed Harold
  9148 | D:10     | 9148 ||| Stepping ~*~*~tactically~*~*~ (hiding).
  9161 | D:10     | Killed Harold
  9280 | D:10     | Found a staircase to the Orcish Mines.
  9383 | D:10     | 9383 ||| INVOKING Heroism.
  9389 | D:10     | Received a gift from Okawaru
  9390 | D:10     | Reached XP level 12. HP: 72/72 MP: 15/17
  9812 | D:10     | 9812 ||| READING scroll labelled QED GOEDEENNAA.
  9850 | D:10     | 9850 ||| DRINKING 2 glowing white potions.
  9888 | D:10     | 9888 ||| READING 2 scrolls of identify.
  9888 | D:10     | 9888 ||| IDENTIFYING viscous green potion
  9889 | D:10     | 9889 ||| DROPPING potion of berserk rage.
  9911 | D:11     | 9911 ||| Stepping ~*~*~tactically~*~*~ (hiding).
  9999 | D:11     | Noticed a two-headed ogre
 10002 | D:11     | Killed a two-headed ogre
 10212 | D:11     | Identified the +8 sling of the Whale {freeze, Dex+2}
 10219 | D:11     | Identified the +5 quarterstaff "Ifoh" {freeze, rElec rC+
                  | Int-5 Dex+4}
 10306 | D:11     | Found a staircase to the Lair.
 10320 | D:11     | 10320 ||| Stepping ~*~*~tactically~*~*~ (cloud).
 10322 | D:11     | 10322 ||| Stepping ~*~*~tactically~*~*~ (cloud).
 10332 | D:11     | 10332 ||| Stepping ~*~*~tactically~*~*~ (cloud).
 10333 | D:11     | 10333 ||| INVOKING Heroism.
 10399 | D:11     | 10399 ||| FLEEEEING.
 10685 | D:11     | 10685 ||| PLANNING LAIR
 10685 | D:11     | 10685 ||| READING scroll labelled ANWUEZAWIN.
 10717 | Lair:1   | Entered Level 1 of the Lair of Beasts
 10737 | Lair:1   | 10737 ||| INVOKING Heroism.
 10741 | Lair:1   | Received a gift from Okawaru
 10750 | Lair:1   | Reached skill level 9 in Invocations
 10789 | Lair:1   | 10789 ||| DROPPING +0 war axe.
 11000 | Lair:1   | Noticed a boulder beetle
 11001 | Lair:1   | 11001 ||| INVOKING Heroism.
 11002 | Lair:1   | 11002 ||| INVOKING Finesse.
 11010 | Lair:1   | Killed a boulder beetle
 11061 | Lair:1   | 11061 ||| Stepping ~*~*~tactically~*~*~ (stealth).
 11066 | Lair:1   | 11066 ||| INVOKING Heroism.
 11372 | Lair:1   | 11372 ||| READING scroll of enchant armour.
 11372 | Lair:1   | 11372 ||| ENCHANTING +0 pair of boots.
 11517 | Lair:1   | 11517 ||| DROPPING amulet of guardian spirit.
 11558 | Lair:2   | 11558 ||| Stepping ~*~*~tactically~*~*~ (hiding).
 11577 | Lair:2   | 11577 ||| Stepping ~*~*~tactically~*~*~ (stealth).
 11578 | Lair:2   | 11578 ||| Stepping ~*~*~tactically~*~*~ (stealth).
 11579 | Lair:2   | 11579 ||| Stepping ~*~*~tactically~*~*~ (stealth).
 11580 | Lair:2   | 11580 ||| Stepping ~*~*~tactically~*~*~ (stealth).
 11581 | Lair:2   | 11581 ||| Stepping ~*~*~tactically~*~*~ (stealth).
 11582 | Lair:2   | 11582 ||| Stepping ~*~*~tactically~*~*~ (stealth).
 11636 | Lair:2   | 11636 ||| DROPPING +1 war axe of venom.
 11664 | Lair:2   | Noticed a skyshark
 11669 | Lair:2   | 11669 ||| INVOKING Heroism.
 11671 | Lair:2   | Killed a skyshark
 11692 | Lair:2   | 11692 ||| Stepping ~*~*~tactically~*~*~ (stealth).
 11694 | Lair:2   | 11694 ||| Stepping ~*~*~tactically~*~*~ (stealth).
 11700 | Lair:2   | 11700 ||| Stepping ~*~*~tactically~*~*~ (stealth).
 11707 | Lair:2   | Received a gift from Okawaru
 11708 | Lair:2   | Reached XP level 13. HP: 78/78 MP: 20/20
 11816 | Lair:2   | 11816 ||| READING scroll of enchant armour.
 11816 | Lair:2   | 11816 ||| ENCHANTING +1 pair of boots.
 12009 | Lair:2   | 12009 ||| INVOKING Heroism.
 12056 | Lair:2   | Received a gift from Okawaru
 12149 | Lair:2   | 12149 ||| INVOKING Heroism.
 12375 | Lair:2   | Found a staircase to the Shoals.
 12482 | Lair:3   | 12482 ||| INVOKING Heroism.
 12489 | Lair:3   | Received a gift from Okawaru
 12543 | Lair:3   | Found the +3 crown of Dyrovepreva {rElec Int+2 SInv}
 12553 | Lair:3   | Reached skill level 3 in Dodging
 12559 | Lair:3   | 12559 ||| FLEEEEING.
 12560 | Lair:3   | 12560 ||| FLEEEEING.
 12600 | Lair:3   | Received a gift from Okawaru
 12688 | Lair:3   | Reached skill level 9 in Fighting
 12758 | Lair:3   | 12758 ||| Stepping ~*~*~tactically~*~*~ (stealth).
 12759 | Lair:3   | 12759 ||| Stepping ~*~*~tactically~*~*~ (stealth).
 12874 | Lair:3   | 12874 ||| Stepping ~*~*~tactically~*~*~ (stealth).
 12875 | Lair:3   | 12875 ||| INVOKING Heroism.
 12899 | Lair:3   | 12899 ||| Stepping ~*~*~tactically~*~*~ (stealth).
 12901 | Lair:3   | 12901 ||| Stepping ~*~*~tactically~*~*~ (stealth).
 13028 | Lair:3   | 13028 ||| INVOKING Heroism.
 13145 | Lair:3   | 13145 ||| Stepping ~*~*~tactically~*~*~ (hiding).
 13147 | Lair:3   | Found a staircase to the Snake Pit.
 13383 | Lair:3   | Noticed Fannar
 13385 | Lair:3   | 13385 ||| Stepping ~*~*~tactically~*~*~ (hiding).
 13395 | Lair:3   | Killed Fannar
 13444 | Lair:3   | 13444 ||| UPGRADING to +3 crown of Dyrovepreva {rElec Int+2
                  | SInv}.
 13449 | Lair:3   | 13449 ||| DROPPING +1 pair of gloves of stealth.
 13515 | Lair:4   | 13515 ||| INVOKING Heroism.
 13579 | Lair:4   | Found a frozen archway.
 13587 | Lair:4   | 13587 ||| INVOKING Heroism.
 13588 | Lair:4   | 13588 ||| INVOKING Finesse.
 13591 | Lair:4   | 13591 ||| SWAPPING to +0 morningstar.
 13602 | Lair:4   | Reached skill level 12 in Axes
 13602 | Lair:4   | 13602 ||| SWAPPING to +8 broad axe "Arbiter" {spect, rElec
                  | rC- rN+ Int+2}.
 13661 | Lair:4   | 13661 ||| INVOKING Heroism.
 13692 | Lair:4   | Reached skill level 9 in Armour
 13693 | Lair:4   | Received a gift from Okawaru
 13826 | Lair:4   | 13826 ||| INVOKING Heroism.
 13874 | Lair:4   | 13874 ||| INVOKING Heroism.
 13954 | Lair:4   | Found a dark tunnel.
 14056 | Lair:4   | Found a staircase to the Slime Pits.
 14067 | Lair:4   | 14067 ||| INVOKING Heroism.
 14068 | Lair:4   | 14068 ||| INVOKING Finesse.
 14075 | Lair:4   | Gained mutation: Your large and strong wings let you fly.
                  | [Gargoyle growth]
 14075 | Lair:4   | Reached XP level 14. HP: 69/88 MP: 14/21
 14284 | Lair:4   | 14284 ||| DROPPING +0 pair of boots of flying.
 14306 | Lair:5   | Entered Level 5 of the Lair of Beasts
 14339 | Lair:5   | 14339 ||| Stepping ~*~*~tactically~*~*~ (stealth).
 14435 | Lair:5   | 14435 ||| Stepping ~*~*~tactically~*~*~ (hiding).
 14662 | Lair:5   | 14662 ||| Stepping ~*~*~tactically~*~*~ (stealth).
 14668 | Lair:5   | 14668 ||| Stepping ~*~*~tactically~*~*~ (stealth).
 14669 | Lair:5   | 14669 ||| Stepping ~*~*~tactically~*~*~ (stealth).
 14764 | Lair:5   | 14764 ||| Stepping ~*~*~tactically~*~*~ (stealth).
 14846 | Lair:5   | 14846 ||| Stepping ~*~*~tactically~*~*~ (stealth).
 15157 | Lair:5   | 15157 ||| INVOKING Heroism.
 15158 | Lair:5   | 15158 ||| INVOKING Finesse.
 15181 | Lair:5   | 15181 ||| Stepping ~*~*~tactically~*~*~ (stealth).
 15184 | Lair:5   | Received a gift from Okawaru
 15213 | Lair:5   | 15213 ||| Stepping ~*~*~tactically~*~*~ (hiding).
 15224 | Lair:5   | 15224 ||| FLEEEEING.
 15225 | Lair:5   | 15225 ||| FLEEEEING.
 15226 | Lair:5   | 15226 ||| FLEEEEING.
 15227 | Lair:5   | 15227 ||| FLEEEEING.
 15228 | Lair:5   | 15228 ||| FLEEEEING.
 15229 | Lair:5   | 15229 ||| FLEEEEING.
 15230 | Lair:5   | 15230 ||| FLEEEEING.
 15231 | Lair:5   | 15231 ||| FLEEEEING.
 15232 | Lair:5   | 15232 ||| FLEEEEING.
 15233 | Lair:5   | 15233 ||| FLEEEEING.
 15234 | Lair:5   | 15234 ||| FLEEEEING.
 15235 | Lair:5   | 15235 ||| FLEEEEING.
 15236 | Lair:5   | 15236 ||| FLEEEEING.
 15238 | Lair:5   | 15238 ||| FLEEEEING.
 15239 | Lair:5   | 15239 ||| FLEEEEING.
 15240 | Lair:5   | 15240 ||| FLEEEEING.
 15241 | Lair:5   | 15241 ||| FLEEEEING.
 15242 | Lair:5   | 15242 ||| FLEEEEING.
 15243 | Lair:5   | 15243 ||| FLEEEEING.
 15244 | Lair:5   | 15244 ||| FLEEEEING.
 15245 | Lair:5   | 15245 ||| INVOKING Heroism.
 15298 | Lair:5   | 15298 ||| Stepping ~*~*~tactically~*~*~ (hiding).
 15305 | Lair:5   | 15305 ||| INVOKING Heroism.
 15306 | Lair:5   | 15306 ||| INVOKING Finesse.
 15309 | Lair:5   | Received a gift from Okawaru
 15364 | Lair:5   | 15364 ||| Stepping ~*~*~tactically~*~*~ (stealth).
 15365 | Lair:5   | 15365 ||| INVOKING Heroism.
 15366 | Lair:5   | 15366 ||| Stepping ~*~*~tactically~*~*~ (stealth).
 15367 | Lair:5   | 15367 ||| Stepping ~*~*~tactically~*~*~ (hiding).
 15368 | Lair:5   | 15368 ||| INVOKING Finesse.
 15370 | Lair:5   | 15370 ||| SWAPPING to +0 morningstar.
 15377 | Lair:5   | 15377 ||| SWAPPING to +8 broad axe "Arbiter" {spect, rElec
                  | rC- rN+ Int+2}.
 15416 | Lair:5   | Found the +3 robe of Clouds {*Thunder rCloud rElec}
 15420 | Lair:5   | Identified the staff of death "Teworyod" {rN+ MP+9 Int+6
                  | Dex+5}
 15511 | Lair:5   | 15511 ||| PLANNING D
 15613 | D:12     | Noticed Jorgrun
 15614 | D:12     | 15614 ||| INVOKING Heroism.
 15615 | D:12     | 15615 ||| INVOKING Finesse.
 15626 | D:12     | Killed Jorgrun
 15699 | D:12     | 15699 ||| READING scroll of enchant armour.
 15699 | D:12     | 15699 ||| ENCHANTING +0 cloak.
 15747 | D:12     | 15747 ||| Stepping ~*~*~tactically~*~*~ (hiding).
 15868 | D:12     | Noticed Snorg
 15869 | D:12     | 15869 ||| INVOKING Heroism.
 15870 | D:12     | 15870 ||| INVOKING Finesse.
 15881 | D:12     | Killed Snorg
 16078 | D:12     | Noticed Nergalle
 16086 | D:12     | Killed Nergalle
 16122 | D:12     | 16122 ||| Stepping ~*~*~tactically~*~*~ (hiding).
 16302 | D:13     | 16302 ||| INVOKING Heroism.
 16437 | D:13     | 16437 ||| Stepping ~*~*~tactically~*~*~ (hiding).
 16440 | D:13     | 16440 ||| Stepping ~*~*~tactically~*~*~ (hiding).
 16442 | D:13     | 16442 ||| INVOKING Heroism.
 16476 | D:13     | Reached XP level 15. HP: 93/93 MP: 22/22
 16518 | D:13     | Found the +18 Lear's hauberk
 16552 | D:13     | 16552 ||| INVOKING Heroism.
 16556 | D:13     | Reached skill level 3 in Throwing
 16575 | D:13     | Received a gift from Okawaru
 16581 | D:13     | 16581 ||| INVOKING Heroism.
 16598 | D:13     | 16598 ||| FLEEEEING.
 16599 | D:13     | 16599 ||| FLEEEEING.
 16600 | D:13     | 16600 ||| FLEEEEING.
 16601 | D:13     | 16601 ||| FLEEEEING.
 16602 | D:13     | 16602 ||| FLEEEEING.
 16603 | D:13     | 16603 ||| FLEEEEING.
 16604 | D:13     | 16604 ||| FLEEEEING.
 16605 | D:13     | 16605 ||| FLEEEEING.
 16609 | D:13     | 16609 ||| FLEEEEING.
 16610 | D:13     | 16610 ||| FLEEEEING.
 16750 | D:13     | 16750 ||| Stepping ~*~*~tactically~*~*~ (stealth).
 16764 | D:13     | Found a gate to the Vaults.
 16770 | D:13     | 16770 ||| Stepping ~*~*~tactically~*~*~ (stealth).
 16771 | D:13     | 16771 ||| INVOKING Heroism.
 17025 | D:13     | Received a gift from Okawaru
 17026 | D:13     | 17026 ||| Stepping ~*~*~tactically~*~*~ (hiding).
 17035 | D:13     | 17035 ||| Stepping ~*~*~tactically~*~*~ (stealth).
 17036 | D:13     | 17036 ||| Stepping ~*~*~tactically~*~*~ (stealth).
 17038 | D:13     | 17038 ||| Stepping ~*~*~tactically~*~*~ (stealth).
 17043 | D:13     | 17043 ||| INVOKING Heroism.
 17045 | D:13     | 17045 ||| INVOKING Finesse.
 17047 | D:13     | 17047 ||| SWAPPING to +0 morningstar.
 17059 | D:13     | Reached skill level 16 in Shields
 17059 | D:13     | 17059 ||| SWAPPING to +8 broad axe "Arbiter" {spect, rElec
                  | rC- rN+ Int+2}.
 17124 | D:13     | 17124 ||| DROPPING +0 broad axe.
 17398 | D:13     | 17398 ||| DROPPING ring of fire.
 17454 | D:14     | 17454 ||| Stepping ~*~*~tactically~*~*~ (stealth).
 17465 | D:14     | 17465 ||| FLEEEEING.
 17466 | D:14     | 17466 ||| FLEEEEING.
 17467 | D:14     | 17467 ||| FLEEEEING.
 17468 | D:14     | 17468 ||| FLEEEEING.
 17469 | D:14     | 17469 ||| FLEEEEING.
 17470 | D:14     | 17470 ||| FLEEEEING.
 17471 | D:14     | 17471 ||| FLEEEEING.
 17472 | D:14     | 17472 ||| FLEEEEING.
 17473 | D:14     | 17473 ||| FLEEEEING.
 17474 | D:14     | 17474 ||| FLEEEEING.
 17566 | D:14     | 17566 ||| Stepping ~*~*~tactically~*~*~ (stealth).
 17567 | D:14     | 17567 ||| Stepping ~*~*~tactically~*~*~ (stealth).
 17751 | D:14     | 17751 ||| Stepping ~*~*~tactically~*~*~ (hiding).
 18039 | D:14     | 18039 ||| Stepping ~*~*~tactically~*~*~ (hiding).
 18308 | D:14     | 18308 ||| DROPPING ring of see invisible.
 18309 | D:14     | 18309 ||| READING scroll labelled PECLAS ZE COPH.
 18323 | D:15     | Entered Level 15 of the Dungeon
 18324 | D:15     | 18324 ||| INVOKING Heroism.
 18334 | D:15     | Reached skill level 6 in Throwing
 18338 | D:15     | Received a gift from Okawaru
 18342 | D:15     | Reached skill level 15 in Axes
 18368 | D:15     | Received a gift from Okawaru
 18378 | D:15     | 18378 ||| FLEEEEING.
 18474 | D:15     | 18474 ||| Stepping ~*~*~tactically~*~*~ (hiding).
 18475 | D:15     | 18475 ||| Stepping ~*~*~tactically~*~*~ (hiding).
 18477 | D:15     | 18477 ||| INVOKING Heroism.
 18518 | D:15     | 18518 ||| INVOKING Heroism.
 18533 | D:15     | 18533 ||| INVOKING Heroism.
 18543 | D:15     | Received a gift from Okawaru
 18585 | D:15     | 18585 ||| INVOKING Heroism.
 18586 | D:15     | 18586 ||| INVOKING Finesse.
 18595 | D:15     | 18595 ||| SWAPPING to +0 morningstar.
 18598 | D:15     | 18598 ||| SWAPPING to +8 broad axe "Arbiter" {spect, rElec
                  | rC- rN+ Int+2}.
 18606 | D:15     | Found a staircase to the Depths.
 18830 | D:15     | 18830 ||| PLANNING ORC
 18907 | Orc:1    | Entered Level 1 of the Orcish Mines
 18908 | Orc:1    | 18908 ||| INVOKING Heroism.
 18942 | Orc:1    | 18942 ||| Stepping ~*~*~tactically~*~*~ (hiding).
 18946 | Orc:1    | 18946 ||| Stepping ~*~*~tactically~*~*~ (hiding).
 18947 | Orc:1    | 18947 ||| Stepping ~*~*~tactically~*~*~ (hiding).
 18948 | Orc:1    | 18948 ||| Stepping ~*~*~tactically~*~*~ (hiding).
 18954 | Orc:1    | 18954 ||| Stepping ~*~*~tactically~*~*~ (hiding).
 18961 | Orc:1    | 18961 ||| INVOKING Heroism.
 18963 | Orc:1    | 18963 ||| Stepping ~*~*~tactically~*~*~ (hiding).
 18968 | Orc:1    | Reached XP level 16. HP: 101/101 MP: 21/23
 19021 | Orc:1    | 19021 ||| Stepping ~*~*~tactically~*~*~ (stealth).
 19027 | Orc:1    | Reached skill level 12 in Fighting
 19209 | Orc:1    | Found Mosmowew's Assorted Antiques.
 19212 | Orc:1    | 19212 ||| BUYING crude war axe (255 gold).
 19212 | Orc:1    | Bought a crude war axe for 255 gold pieces
 19212 | Orc:1    | Identified the +3 war axe "Moniufuohi" {protect, Fly rF-
                  | rC++ Str+3} (You bought it in a shop on level 1 of the
                  | Orcish Mines)
 19212 | Orc:1    | 19212 ||| BUYING pitted cloak (285 gold).
 19212 | Orc:1    | Bought a pitted cloak for 285 gold pieces
 19212 | Orc:1    | Identified the +1 cloak of Dogma {rElec rF+} (You bought it
                  | in a shop on level 1 of the Orcish Mines)
 19212 | Orc:1    | 19212 ||| BUYING scroll of teleportation (90 gold).
 19212 | Orc:1    | Bought a scroll of teleportation for 90 gold pieces
 19275 | Orc:1    | 19275 ||| UPGRADING to +1 cloak of Dogma {rElec rF+}.
 19285 | Orc:1    | 19285 ||| DROPPING +1 cloak.
 19294 | Orc:2    | Entered Level 2 of the Orcish Mines
 19301 | Orc:2    | 19301 ||| INVOKING Heroism.
 19317 | Orc:2    | Found a staircase to the Elven Halls.
 19375 | Orc:2    | 19375 ||| Stepping ~*~*~tactically~*~*~ (stealth).
 19377 | Orc:2    | 19377 ||| Stepping ~*~*~tactically~*~*~ (hiding).
 19382 | Orc:2    | 19382 ||| Stepping ~*~*~tactically~*~*~ (hiding).
 19383 | Orc:2    | 19383 ||| Stepping ~*~*~tactically~*~*~ (hiding).
 19384 | Orc:2    | 19384 ||| Stepping ~*~*~tactically~*~*~ (hiding).
 19479 | Orc:2    | 19479 ||| Stepping ~*~*~tactically~*~*~ (stealth).
 19527 | Orc:2    | 19527 ||| Stepping ~*~*~tactically~*~*~ (hiding).
 19529 | Orc:2    | 19529 ||| Stepping ~*~*~tactically~*~*~ (hiding).
 19670 | Orc:2    | 19670 ||| INVOKING Heroism.
 19715 | Orc:2    | 19715 ||| INVOKING Heroism.
 19820 | Orc:2    | 19820 ||| Stepping ~*~*~tactically~*~*~ (hiding).
 19823 | Orc:2    | 19823 ||| Stepping ~*~*~tactically~*~*~ (hiding).
 19983 | Orc:2    | 19983 ||| INVOKING Heroism.
 19992 | Orc:2    | Found Kinarph's Antique Armour Shop.
 19992 | Orc:2    | Found Ipte's Distillery.
 19997 | Orc:2    | Found Hurabu's Antique Armour Shoppe.
 20016 | Orc:2    | Found Hossau's General Store.
 20020 | Orc:2    | 20020 ||| SHOPLISTING bronze fire dragon scales (1820 gold,
                  | have 1268).
 20021 | Orc:2    | 20021 ||| BUYING 2 potions of curing (72 gold).
 20021 | Orc:2    | Bought 2 potions of curing for 72 gold pieces
 20021 | Orc:2    | 20021 ||| BUYING potion of attraction (36 gold).
 20021 | Orc:2    | Bought a potion of attraction for 36 gold pieces
 20021 | Orc:2    | 20021 ||| BUYING potion of attraction (36 gold).
 20021 | Orc:2    | Bought a potion of attraction for 36 gold pieces
 20021 | Orc:2    | 20021 ||| BUYING potion of magic (96 gold).
 20021 | Orc:2    | Bought a potion of magic for 96 gold pieces
 20028 | Orc:2    | 20028 ||| BUYING 2 scrolls of teleportation (60 gold).
 20028 | Orc:2    | Bought 2 scrolls of teleportation for 60 gold pieces
 20029 | Orc:2    | 20029 ||| Stepping ~*~*~tactically~*~*~ (hiding).
 20213 | Orc:2    | 20213 ||| Stepping ~*~*~tactically~*~*~ (hiding).
 20216 | Orc:2    | 20216 ||| INVOKING Heroism.
 20445 | Orc:2    | 20445 ||| PLANNING SHOALS:1-3
 20583 | Shoals:1 | Entered Level 1 of the Shoals
 20694 | Shoals:1 | 20694 ||| FLEEEEING.
 20695 | Shoals:1 | 20695 ||| FLEEEEING.
 20696 | Shoals:1 | 20696 ||| FLEEEEING.
 20697 | Shoals:1 | 20697 ||| FLEEEEING.
 20698 | Shoals:1 | 20698 ||| FLEEEEING.
 20699 | Shoals:1 | 20699 ||| FLEEEEING.
 20700 | Shoals:1 | 20700 ||| FLEEEEING.
 20701 | Shoals:1 | 20701 ||| FLEEEEING.
 20702 | Shoals:1 | 20702 ||| FLEEEEING.
 20703 | Shoals:1 | 20703 ||| FLEEEEING.
 20704 | Shoals:1 | 20704 ||| FLEEEEING.
 20706 | Shoals:1 | 20706 ||| FLEEEEING.
 20707 | Shoals:1 | 20707 ||| FLEEEEING.
 20708 | Shoals:1 | 20708 ||| FLEEEEING.
 20709 | Shoals:1 | 20709 ||| FLEEEEING.
 20710 | Shoals:1 | 20710 ||| FLEEEEING.
 20711 | Shoals:1 | 20711 ||| FLEEEEING.
 20712 | Shoals:1 | 20712 ||| FLEEEEING.
 20713 | Shoals:1 | 20713 ||| FLEEEEING.
 20714 | Shoals:1 | 20714 ||| FLEEEEING.
 20715 | Shoals:1 | 20715 ||| FLEEEEING.
 20716 | Shoals:1 | 20716 ||| FLEEEEING.
 20717 | Shoals:1 | 20717 ||| FLEEEEING.
 20718 | Shoals:1 | 20718 ||| STAIRDANCE
 20796 | Shoals:1 | Found Kotoem's Jewellery Boutique.
 20814 | Shoals:1 | 20814 ||| SHOPLISTING amulet of Vitality {RegenMP++
                  | Regen++} (1200 gold, have 1001).
 20827 | Shoals:1 | 20827 ||| Stepping ~*~*~tactically~*~*~ (hiding).
 20828 | Shoals:1 | 20828 ||| Stepping ~*~*~tactically~*~*~ (hiding).
 20829 | Shoals:1 | 20829 ||| Stepping ~*~*~tactically~*~*~ (hiding).
 20830 | Shoals:1 | 20830 ||| Stepping ~*~*~tactically~*~*~ (hiding).
 20831 | Shoals:1 | 20831 ||| INVOKING Heroism.
 20900 | Shoals:1 | Noticed Nikola
 20901 | Shoals:1 | 20901 ||| INVOKING Heroism.
 20911 | Shoals:1 | Killed Nikola
 20917 | Shoals:1 | Noticed Frances
 20929 | Shoals:1 | Killed Frances
 20929 | Shoals:1 | Received a gift from Okawaru
 21485 | Shoals:1 | 21485 ||| DROPPING +1 helmet.
 21489 | Shoals:2 | Noticed Polyphemus
 21490 | Shoals:2 | 21490 ||| INVOKING Heroism.
 21495 | Shoals:2 | 21495 ||| INVOKING Finesse.
 21503 | Shoals:2 | Killed Polyphemus
 21504 | Shoals:2 | Received a gift from Okawaru
 21517 | Shoals:2 | Received a gift from Okawaru
 21535 | Shoals:2 | Reached skill level 17 in Shields
 21597 | Shoals:2 | Noticed a kraken
 21628 | Shoals:2 | Killed a kraken
 21678 | Shoals:2 | 21678 ||| INVOKING Heroism.
 21698 | Shoals:2 | 21698 ||| Stepping ~*~*~tactically~*~*~ (stealth).
 21699 | Shoals:2 | 21699 ||| Stepping ~*~*~tactically~*~*~ (stealth).
 21835 | Shoals:2 | 21835 ||| INVOKING Heroism.
 21836 | Shoals:2 | 21836 ||| INVOKING Finesse.
 21896 | Shoals:2 | 21896 ||| INVOKING Heroism.
 21931 | Shoals:2 | Noticed Ilsuiw
 21954 | Shoals:2 | Killed Ilsuiw
 21955 | Shoals:2 | 21955 ||| INVOKING Heroism.
 22232 | Shoals:2 | 22232 ||| INVOKING Heroism.
 22249 | Shoals:2 | Reached XP level 17. HP: 106/106 MP: 24/24
 22251 | Shoals:2 | Identified Roxanne's Lessons on Reformation
 22251 | Shoals:2 | Noticed Roxanne
 22265 | Shoals:2 | Killed Roxanne
 22851 | Shoals:3 | Received a gift from Okawaru
 22928 | Shoals:3 | 22928 ||| Stepping ~*~*~tactically~*~*~ (hiding).
 22929 | Shoals:3 | 22929 ||| Stepping ~*~*~tactically~*~*~ (hiding).
 22931 | Shoals:3 | 22931 ||| Stepping ~*~*~tactically~*~*~ (hiding).
 22945 | Shoals:3 | 22945 ||| INVOKING Heroism.
 23043 | Shoals:3 | Reached skill level 12 in Armour
 23072 | Shoals:3 | 23072 ||| INVOKING Heroism.
 23273 | Shoals:3 | Received a gift from Okawaru
 23274 | Shoals:3 | 23274 ||| INVOKING Heroism.
 23461 | Shoals:3 | Found Hixek's Armour Shoppe.
 23463 | Shoals:3 | 23463 ||| INVOKING Heroism.
 23493 | Shoals:3 | Received a gift from Okawaru
 23591 | Shoals:3 | 23591 ||| INVOKING Heroism.
 23969 | Shoals:3 | 23969 ||| PLANNING SNAKE:1-3
 23969 | Shoals:3 | 23969 ||| DROPPING ring of magical power.
 24125 | Snake:1  | Entered Level 1 of the Snake Pit
 24159 | Snake:1  | 24159 ||| Stepping ~*~*~tactically~*~*~ (hiding).
 24175 | Snake:1  | 24175 ||| Stepping ~*~*~tactically~*~*~ (hiding).
 24178 | Snake:1  | 24178 ||| Stepping ~*~*~tactically~*~*~ (hiding).
 24180 | Snake:1  | 24180 ||| Stepping ~*~*~tactically~*~*~ (hiding).
 24181 | Snake:1  | 24181 ||| Stepping ~*~*~tactically~*~*~ (hiding).
 24183 | Snake:1  | 24183 ||| INVOKING Heroism.
 24185 | Snake:1  | 24185 ||| Stepping ~*~*~tactically~*~*~ (hiding).
 24191 | Snake:1  | Received a gift from Okawaru
 24221 | Snake:1  | 24221 ||| Stepping ~*~*~tactically~*~*~ (hiding).
 24222 | Snake:1  | 24222 ||| Stepping ~*~*~tactically~*~*~ (hiding).
 24224 | Snake:1  | 24224 ||| Stepping ~*~*~tactically~*~*~ (hiding).
 24225 | Snake:1  | 24225 ||| Stepping ~*~*~tactically~*~*~ (hiding).
 24226 | Snake:1  | 24226 ||| Stepping ~*~*~tactically~*~*~ (hiding).
 24250 | Snake:1  | Found an opulent altar of Gozag.
 24389 | Snake:1  | 24389 ||| INVOKING Heroism.
 24699 | Snake:1  | 24699 ||| Stepping ~*~*~tactically~*~*~ (hiding).
 24703 | Snake:1  | 24703 ||| Stepping ~*~*~tactically~*~*~ (hiding).
 24705 | Snake:1  | 24705 ||| Stepping ~*~*~tactically~*~*~ (hiding).
 24707 | Snake:1  | 24707 ||| Stepping ~*~*~tactically~*~*~ (hiding).
 24937 | Snake:1  | 24937 ||| DROPPING +6 ring of strength.
 24956 | Snake:2  | 24956 ||| Stepping ~*~*~tactically~*~*~ (hiding).
 24957 | Snake:2  | 24957 ||| Stepping ~*~*~tactically~*~*~ (hiding).
 25013 | Snake:2  | 25013 ||| FLEEEEING.
 25014 | Snake:2  | 25014 ||| FLEEEEING.
 25015 | Snake:2  | 25015 ||| STAIRDANCE
 25154 | Snake:2  | 25154 ||| INVOKING Heroism.
 25157 | Snake:2  | Received a gift from Okawaru
 25264 | Snake:2  | Found Mavalezo's Distillery.
 25265 | Snake:2  | 25265 ||| Stepping ~*~*~tactically~*~*~ (hiding).
 25272 | Snake:2  | 25272 ||| Stepping ~*~*~tactically~*~*~ (hiding).
 25282 | Snake:2  | 25282 ||| Stepping ~*~*~tactically~*~*~ (hiding).
 25291 | Snake:2  | 25291 ||| Stepping ~*~*~tactically~*~*~ (hiding).
 25298 | Snake:2  | Received a gift from Okawaru
 25305 | Snake:2  | Found Situeh's Antique Weapon Shop.
 25305 | Snake:2  | Found Qyrraom's Book Boutique.
 25391 | Snake:2  | 25391 ||| BUYING potion of cancellation (144 gold).
 25391 | Snake:2  | Bought a potion of cancellation for 144 gold pieces
 25391 | Snake:2  | 25391 ||| BUYING potion of curing (54 gold).
 25391 | Snake:2  | Bought a potion of curing for 54 gold pieces
 25391 | Snake:2  | 25391 ||| BUYING potion of curing (54 gold).
 25391 | Snake:2  | Bought a potion of curing for 54 gold pieces
 25391 | Snake:2  | 25391 ||| BUYING potion of haste (180 gold).
 25391 | Snake:2  | Bought a potion of haste for 180 gold pieces
 25391 | Snake:2  | 25391 ||| BUYING potion of might (72 gold).
 25391 | Snake:2  | Bought a potion of might for 72 gold pieces
 25391 | Snake:2  | 25391 ||| BUYING potion of might (72 gold).
 25391 | Snake:2  | Bought a potion of might for 72 gold pieces
 25391 | Snake:2  | Found Ompyutz's General Store.
 25399 | Snake:2  | 25399 ||| BUYING scroll of brand weapon (133 gold).
 25399 | Snake:2  | Bought a scroll of brand weapon for 133 gold pieces
 25480 | Snake:2  | Found a white marble altar of Elyvilon.
 25484 | Snake:2  | 25484 ||| Stepping ~*~*~tactically~*~*~ (hiding).
 25488 | Snake:2  | 25488 ||| INVOKING Heroism.
 25528 | Snake:2  | 25528 ||| Stepping ~*~*~tactically~*~*~ (stealth).
 25621 | Snake:2  | 25621 ||| UPGRADING to +1 tower shield of poison
                  | resistance.
 25631 | Snake:2  | 25631 ||| DROPPING +0 tower shield.
 25700 | Snake:3  | Reached skill level 18 in Axes
 25734 | Snake:3  | 25734 ||| READING 2 scrolls of acquirement.
 25734 | Snake:3  | 25734 ||| ACQUIRING +10 broad axe "Dete Menn" {freeze,
                  | +Blink Str+3}
 25734 | Snake:3  | Acquired the +10 broad axe "Dete Menn" {freeze, +Blink
                  | Str+3}
 25736 | Snake:3  | 25736 ||| READING scroll of acquirement.
 25736 | Snake:3  | 25736 ||| ACQUIRING 1024 gold pieces
 25736 | Snake:3  | Acquired 1024 gold pieces
 25784 | Snake:3  | 25784 ||| Stepping ~*~*~tactically~*~*~ (hiding).
 25786 | Snake:3  | 25786 ||| Stepping ~*~*~tactically~*~*~ (hiding).
 25788 | Snake:3  | 25788 ||| Stepping ~*~*~tactically~*~*~ (hiding).
 25951 | Snake:3  | 25951 ||| INVOKING Heroism.
 26002 | Snake:3  | 26002 ||| INVOKING Heroism.
 26101 | Snake:3  | 26101 ||| Stepping ~*~*~tactically~*~*~ (stealth).
 26109 | Snake:3  | 26109 ||| Stepping ~*~*~tactically~*~*~ (stealth).
 26112 | Snake:3  | 26112 ||| Stepping ~*~*~tactically~*~*~ (hiding).
 26114 | Snake:3  | 26114 ||| Stepping ~*~*~tactically~*~*~ (hiding).
 26132 | Snake:3  | Reached XP level 18. HP: 114/114 MP: 25/25
 26139 | Snake:3  | 26139 ||| DROPPING +0 morningstar.
 26174 | Snake:3  | 26174 ||| INVOKING Heroism.
 26178 | Snake:3  | Received a gift from Okawaru
 26444 | Snake:3  | 26444 ||| Stepping ~*~*~tactically~*~*~ (hiding).
 26451 | Snake:3  | 26451 ||| INVOKING Heroism.
 26664 | Snake:3  | 26664 ||| Stepping ~*~*~tactically~*~*~ (hiding).
 26696 | Snake:3  | 26696 ||| Stepping ~*~*~tactically~*~*~ (hiding).
 26701 | Snake:3  | 26701 ||| INVOKING Heroism.
 26723 | Snake:3  | 26723 ||| PLANNING SHOALS:4
 26723 | Snake:3  | 26723 ||| DROPPING ring of wizardry.
 26918 | Shoals:4 | Entered Level 4 of the Shoals
 26919 | Shoals:4 | 26919 ||| INVOKING Heroism.
 26920 | Shoals:4 | 26920 ||| INVOKING Finesse.
 27006 | Shoals:4 | 27006 ||| INVOKING Heroism.
 27047 | Shoals:4 | 27047 ||| INVOKING Finesse.
 27055 | Shoals:4 | HP: 26/118 [merfolk aquamancer/+4 rapier of venom (10)]
 27056 | Shoals:4 | 27056 ||| READING 10 scrolls of teleportation.
 27057 | Shoals:4 | 27057 ||| DRINKING potion of heal wounds.
 27061 | Shoals:4 | Received a gift from Okawaru
 27062 | Shoals:4 | Reached skill level 18 in Shields
 27120 | Shoals:4 | 27120 ||| INVOKING Heroism.
 27127 | Shoals:4 | HP: 26/118 [merfolk javelineer/silver javelin (11)]
 27128 | Shoals:4 | 27128 ||| READING 9 scrolls of teleportation.
 27245 | Shoals:4 | 27245 ||| Stepping ~*~*~tactically~*~*~ (stealth).
 27247 | Shoals:4 | 27247 ||| Stepping ~*~*~tactically~*~*~ (stealth).
 27248 | Shoals:4 | 27248 ||| Stepping ~*~*~tactically~*~*~ (stealth).
 27249 | Shoals:4 | 27249 ||| INVOKING Heroism.
 27481 | Shoals:4 | 27481 ||| Stepping ~*~*~tactically~*~*~ (hiding).
 27482 | Shoals:4 | 27482 ||| INVOKING Heroism.
 27501 | Shoals:4 | 27501 ||| Stepping ~*~*~tactically~*~*~ (hiding).
 27696 | Shoals:4 | 27696 ||| INVOKING Heroism.
 27717 | Shoals:4 | 27717 ||| INVOKING Heroism.
 27738 | Shoals:4 | 27738 ||| INVOKING Finesse.
 27889 | Shoals:4 | Got a barnacled rune of Zot
 27943 | Shoals:4 | 27943 ||| Stepping ~*~*~tactically~*~*~ (stealth).
 27948 | Shoals:4 | Reached skill level 6 in Dodging
 27965 | Shoals:4 | Received a gift from Okawaru
 28050 | Shoals:4 | Received a gift from Okawaru
 28247 | Shoals:4 | 28247 ||| INVOKING Heroism.
 28363 | Shoals:4 | 28363 ||| INVOKING Heroism.
 28415 | Shoals:4 | 28415 ||| Stepping ~*~*~tactically~*~*~ (hiding).
 28524 | Shoals:4 | 28524 ||| Stepping ~*~*~tactically~*~*~ (hiding).
 28527 | Shoals:4 | 28527 ||| INVOKING Heroism.
 28575 | Shoals:4 | 28575 ||| Stepping ~*~*~tactically~*~*~ (hiding).
 28576 | Shoals:4 | 28576 ||| Stepping ~*~*~tactically~*~*~ (stealth).
 28693 | Shoals:4 | 28693 ||| PLANNING VAULTS:1-4
 28693 | Shoals:4 | 28693 ||| UPGRADING to +2 helmet of see invisible.
 28703 | Shoals:4 | 28703 ||| DROPPING +3 crown of Dyrovepreva {rElec Int+2
                  | SInv}.
 28912 | Vaults:1 | Entered Level 1 of the Vaults
 28996 | Vaults:1 | Received a gift from Okawaru
 29030 | Vaults:1 | 29030 ||| INVOKING Heroism.
 29277 | Vaults:1 | 29277 ||| Stepping ~*~*~tactically~*~*~ (hiding).
 29279 | Vaults:1 | 29279 ||| Stepping ~*~*~tactically~*~*~ (hiding).
 29503 | Vaults:1 | 29503 ||| INVOKING Heroism.
 29504 | Vaults:1 | 29504 ||| INVOKING Finesse.
 29517 | Vaults:1 | Received a gift from Okawaru
 29518 | Vaults:1 | Reached skill level 15 in Fighting
 29564 | Vaults:1 | 29564 ||| Stepping ~*~*~tactically~*~*~ (stealth).
 29573 | Vaults:1 | 29573 ||| FLEEEEING.
 29578 | Vaults:1 | Reached XP level 19. HP: 115/124 MP: 26/26
 29736 | Vaults:1 | Noticed Donald
 29737 | Vaults:1 | 29737 ||| INVOKING Heroism.
 29738 | Vaults:1 | 29738 ||| INVOKING Finesse.
 29744 | Vaults:1 | Killed Donald
 30125 | Vaults:1 | Received a gift from Okawaru
 30239 | Vaults:1 | 30239 ||| FLEEEEING.
 30240 | Vaults:1 | 30240 ||| FLEEEEING.
 30241 | Vaults:1 | 30241 ||| FLEEEEING.
 30242 | Vaults:1 | 30242 ||| FLEEEEING.
 30243 | Vaults:1 | 30243 ||| FLEEEEING.
 30244 | Vaults:1 | 30244 ||| FLEEEEING.
 30402 | Vaults:2 | 30402 ||| FLEEEEING.
 30403 | Vaults:2 | 30403 ||| FLEEEEING.
 30404 | Vaults:2 | 30404 ||| FLEEEEING.
 30414 | Vaults:2 | 30414 ||| STAIRDANCE
 30567 | Vaults:2 | Received a gift from Okawaru
 30571 | Vaults:2 | Reached skill level 15 in Armour
 30575 | Vaults:2 | Received a gift from Okawaru
 30795 | Vaults:2 | 30795 ||| INVOKING Heroism.
 30796 | Vaults:2 | 30796 ||| INVOKING Finesse.
 30850 | Vaults:2 | 30850 ||| INVOKING Heroism.
 31059 | Vaults:2 | 31059 ||| Stepping ~*~*~tactically~*~*~ (hiding).
 31086 | Vaults:2 | 31086 ||| Stepping ~*~*~tactically~*~*~ (stealth).
 31088 | Vaults:2 | 31088 ||| Stepping ~*~*~tactically~*~*~ (hiding).
 31092 | Vaults:2 | 31092 ||| INVOKING Heroism.
 31095 | Vaults:2 | 31095 ||| INVOKING Finesse.
 31098 | Vaults:2 | Reached skill level 9 in Throwing
 31106 | Vaults:2 | Received a gift from Okawaru
 31119 | Vaults:2 | 31119 ||| Stepping ~*~*~tactically~*~*~ (stealth).
 31138 | Vaults:2 | Received a gift from Okawaru
 31148 | Vaults:2 | Received a gift from Okawaru
 31164 | Vaults:2 | 31164 ||| INVOKING Heroism.
 31184 | Vaults:2 | Received a gift from Okawaru
 31193 | Vaults:2 | 31193 ||| Stepping ~*~*~tactically~*~*~ (hiding).
 31707 | Vaults:2 | 31707 ||| INVOKING Heroism.
 31708 | Vaults:2 | 31708 ||| INVOKING Finesse.
 31752 | Vaults:2 | 31752 ||| Stepping ~*~*~tactically~*~*~ (stealth).
 31754 | Vaults:2 | 31754 ||| Stepping ~*~*~tactically~*~*~ (stealth).
 32004 | Vaults:2 | 32004 ||| DROPPING +0 pair of boots of rampaging.
 32065 | Vaults:3 | 32065 ||| INVOKING Heroism.
 32071 | Vaults:3 | Reached skill level 19 in Shields
 32339 | Vaults:3 | 32339 ||| FLEEEEING.
 32472 | Vaults:3 | 32472 ||| Stepping ~*~*~tactically~*~*~ (hiding).
 32638 | Vaults:3 | 32638 ||| INVOKING Heroism.
 32766 | Vaults:3 | Found a staircase to the Crypt.
 32796 | Vaults:3 | 32796 ||| Stepping ~*~*~tactically~*~*~ (stealth).
 32826 | Vaults:3 | Reached XP level 20. HP: 115/131 MP: 27/27
 32906 | Vaults:3 | 32906 ||| Stepping ~*~*~tactically~*~*~ (hiding).
 32911 | Vaults:3 | 32911 ||| Stepping ~*~*~tactically~*~*~ (hiding).
 32926 | Vaults:3 | Received a gift from Okawaru
 33015 | Vaults:3 | 33015 ||| Stepping ~*~*~tactically~*~*~ (hiding).
 33032 | Vaults:3 | 33032 ||| Stepping ~*~*~tactically~*~*~ (hiding).
 33035 | Vaults:3 | 33035 ||| Stepping ~*~*~tactically~*~*~ (hiding).
 33054 | Vaults:3 | 33054 ||| INVOKING Heroism.
 33109 | Vaults:3 | 33109 ||| Stepping ~*~*~tactically~*~*~ (stealth).
 33130 | Vaults:3 | 33130 ||| INVOKING Heroism.
 33286 | Vaults:3 | 33286 ||| Stepping ~*~*~tactically~*~*~ (hiding).
 33348 | Vaults:3 | 33348 ||| Stepping ~*~*~tactically~*~*~ (hiding).
 33351 | Vaults:3 | 33351 ||| Stepping ~*~*~tactically~*~*~ (hiding).
 33513 | Vaults:3 | 33513 ||| Stepping ~*~*~tactically~*~*~ (hiding).
 33550 | Vaults:3 | 33550 ||| Stepping ~*~*~tactically~*~*~ (hiding).
 33559 | Vaults:3 | 33559 ||| Stepping ~*~*~tactically~*~*~ (hiding).
 33701 | Vaults:3 | 33701 ||| Stepping ~*~*~tactically~*~*~ (stealth).
 33703 | Vaults:3 | 33703 ||| Stepping ~*~*~tactically~*~*~ (hiding).
 33725 | Vaults:3 | Received a gift from Okawaru
 33777 | Vaults:3 | 33777 ||| FLEEEEING.
 33779 | Vaults:3 | 33779 ||| FLEEEEING.
 33780 | Vaults:3 | 33780 ||| FLEEEEING.
 33783 | Vaults:3 | 33783 ||| FLEEEEING.
 33784 | Vaults:3 | 33784 ||| FLEEEEING.
 33785 | Vaults:3 | 33785 ||| FLEEEEING.
 33786 | Vaults:3 | 33786 ||| FLEEEEING.
 33787 | Vaults:3 | 33787 ||| FLEEEEING.
 33792 | Vaults:3 | 33792 ||| FLEEEEING.
 33793 | Vaults:3 | 33793 ||| FLEEEEING.
 33794 | Vaults:3 | 33794 ||| FLEEEEING.
 33807 | Vaults:3 | 33807 ||| FLEEEEING.
 33809 | Vaults:3 | 33809 ||| FLEEEEING.
 33811 | Vaults:3 | 33811 ||| FLEEEEING.
 33818 | Vaults:3 | 33818 ||| FLEEEEING.
 33819 | Vaults:3 | 33819 ||| FLEEEEING.
 33820 | Vaults:3 | 33820 ||| FLEEEEING.
 33821 | Vaults:3 | 33821 ||| FLEEEEING.
 33825 | Vaults:3 | 33825 ||| FLEEEEING.
 33828 | Vaults:3 | 33828 ||| FLEEEEING.
 33829 | Vaults:3 | 33829 ||| FLEEEEING.
 33830 | Vaults:3 | 33830 ||| FLEEEEING.
 33831 | Vaults:3 | 33831 ||| FLEEEEING.
 33832 | Vaults:3 | 33832 ||| FLEEEEING.
 33833 | Vaults:3 | 33833 ||| FLEEEEING.
 33834 | Vaults:3 | 33834 ||| FLEEEEING.
 33835 | Vaults:3 | 33835 ||| FLEEEEING.
 33836 | Vaults:3 | 33836 ||| FLEEEEING.
 33837 | Vaults:3 | 33837 ||| FLEEEEING.
 33844 | Vaults:3 | 33844 ||| FLEEEEING.
 33845 | Vaults:3 | 33845 ||| FLEEEEING.
 33846 | Vaults:3 | 33846 ||| FLEEEEING.
 33847 | Vaults:3 | 33847 ||| FLEEEEING.
 33849 | Vaults:3 | 33849 ||| FLEEEEING.
 33850 | Vaults:3 | 33850 ||| FLEEEEING.
 33851 | Vaults:3 | 33851 ||| FLEEEEING.
 33856 | Vaults:3 | 33856 ||| FLEEEEING.
 33857 | Vaults:3 | 33857 ||| FLEEEEING.
 33858 | Vaults:3 | 33858 ||| FLEEEEING.
 33859 | Vaults:3 | 33859 ||| FLEEEEING.
 33860 | Vaults:3 | 33860 ||| FLEEEEING.
 33861 | Vaults:3 | 33861 ||| FLEEEEING.
 33862 | Vaults:3 | 33862 ||| FLEEEEING.
 33864 | Vaults:3 | 33864 ||| FLEEEEING.
 33879 | Vaults:3 | 33879 ||| FLEEEEING.
 33880 | Vaults:3 | 33880 ||| FLEEEEING.
 33881 | Vaults:3 | 33881 ||| FLEEEEING.
 33882 | Vaults:3 | 33882 ||| FLEEEEING.
 33883 | Vaults:3 | 33883 ||| FLEEEEING.
 33884 | Vaults:3 | 33884 ||| FLEEEEING.
 33885 | Vaults:3 | 33885 ||| FLEEEEING.
 33886 | Vaults:3 | 33886 ||| FLEEEEING.
 33888 | Vaults:3 | 33888 ||| FLEEEEING.
 33890 | Vaults:3 | 33890 ||| FLEEEEING.
 33893 | Vaults:3 | 33893 ||| FLEEEEING.
 33895 | Vaults:3 | 33895 ||| FLEEEEING.
 34117 | Vaults:3 | Received a gift from Okawaru
 34292 | Vaults:3 | Identified the +8 long sword of the Black Skies {flame,
                  | rPois Will+ Stlth-}
 34557 | Vaults:4 | 34557 ||| INVOKING Finesse.
 34637 | Vaults:4 | Found the +3 salamander hide armour {Flames, rFlCloud rF++
                  | rC--}
 34649 | Vaults:4 | Identified the ring "Ipsoit" {Fire rPois Will++ rCorr
                  | Int-4}
 34659 | Vaults:4 | 34659 ||| Stepping ~*~*~tactically~*~*~ (hiding).
 34670 | Vaults:4 | 34670 ||| Stepping ~*~*~tactically~*~*~ (hiding).
 34763 | Vaults:4 | 34763 ||| Stepping ~*~*~tactically~*~*~ (hiding).
 34765 | Vaults:4 | 34765 ||| Stepping ~*~*~tactically~*~*~ (hiding).
 34889 | Vaults:4 | Received a gift from Okawaru
 34899 | Vaults:4 | 34899 ||| FLEEEEING.
 34900 | Vaults:4 | 34900 ||| FLEEEEING.
 34901 | Vaults:4 | 34901 ||| FLEEEEING.
 34906 | Vaults:4 | 34906 ||| FLEEEEING.
 34912 | Vaults:4 | 34912 ||| STAIRDANCE
 35021 | Vaults:4 | Received a gift from Okawaru
 35037 | Vaults:4 | 35037 ||| INVOKING Heroism.
 35043 | Vaults:4 | 35043 ||| Stepping ~*~*~tactically~*~*~ (hiding).
 35051 | Vaults:4 | 35051 ||| Stepping ~*~*~tactically~*~*~ (hiding).
 35066 | Vaults:4 | Received a gift from Okawaru
 35287 | Vaults:4 | 35287 ||| Stepping ~*~*~tactically~*~*~ (hiding).
 35293 | Vaults:4 | 35293 ||| INVOKING Heroism.
 35298 | Vaults:4 | HP: 22/136 [titanic slime creature (68)]
 35299 | Vaults:4 | 35299 ||| READING 17 scrolls of teleportation.
 35300 | Vaults:4 | 35300 ||| DRINKING 2 potions of heal wounds.
 35302 | Vaults:4 | 35302 ||| DRINKING potion of heal wounds.
 35392 | Vaults:4 | 35392 ||| INVOKING Heroism.
 35418 | Vaults:4 | Received a gift from Okawaru
 35441 | Vaults:4 | 35441 ||| INVOKING Heroism.
 35449 | Vaults:4 | 35449 ||| Stepping ~*~*~tactically~*~*~ (stealth).
 35512 | Vaults:4 | 35512 ||| Stepping ~*~*~tactically~*~*~ (stealth).
 35513 | Vaults:4 | 35513 ||| Stepping ~*~*~tactically~*~*~ (stealth).
 35514 | Vaults:4 | 35514 ||| Stepping ~*~*~tactically~*~*~ (stealth).
 35587 | Vaults:4 | 35587 ||| Stepping ~*~*~tactically~*~*~ (stealth).
 35589 | Vaults:4 | 35589 ||| Stepping ~*~*~tactically~*~*~ (hiding).
 35607 | Vaults:4 | 35607 ||| Stepping ~*~*~tactically~*~*~ (stealth).
 35747 | Vaults:4 | 35747 ||| Stepping ~*~*~tactically~*~*~ (hiding).
 35747 | Vaults:4 | Noticed Mennas
 35748 | Vaults:4 | 35748 ||| Stepping ~*~*~tactically~*~*~ (hiding).
 35749 | Vaults:4 | 35749 ||| Stepping ~*~*~tactically~*~*~ (stealth).
 35750 | Vaults:4 | 35750 ||| INVOKING Heroism.
 35751 | Vaults:4 | 35751 ||| INVOKING Finesse.
 35767 | Vaults:4 | Killed Mennas
 35785 | Vaults:4 | Received a gift from Okawaru
 35899 | Vaults:4 | 35899 ||| Stepping ~*~*~tactically~*~*~ (hiding).
 35901 | Vaults:4 | 35901 ||| Stepping ~*~*~tactically~*~*~ (hiding).
 35902 | Vaults:4 | 35902 ||| Stepping ~*~*~tactically~*~*~ (hiding).
 35905 | Vaults:4 | Received a gift from Okawaru
 36266 | Vaults:4 | 36266 ||| INVOKING Heroism.
 36278 | Vaults:4 | Received a gift from Okawaru
 36281 | Vaults:4 | HP: 27/138 [dire elephant (11)]
 36282 | Vaults:4 | 36282 ||| READING 17 scrolls of teleportation.
 36284 | Vaults:4 | Reached skill level 18 in Fighting
 36286 | Vaults:4 | HP: 8/138 [something[a vault warden] (12)]
 36488 | Vaults:4 | 36488 ||| INVOKING Heroism.
 36597 | Vaults:4 | 36597 ||| Stepping ~*~*~tactically~*~*~ (stealth).
 36598 | Vaults:4 | 36598 ||| Stepping ~*~*~tactically~*~*~ (stealth).
 36631 | Vaults:4 | Reached XP level 21. HP: 134/141 MP: 28/28
 36712 | Vaults:4 | 36712 ||| Stepping ~*~*~tactically~*~*~ (hiding).
 36713 | Vaults:4 | 36713 ||| Stepping ~*~*~tactically~*~*~ (hiding).
 36714 | Vaults:4 | 36714 ||| Stepping ~*~*~tactically~*~*~ (hiding).
 36720 | Vaults:4 | Identified the +0 cloak "Yqejau Suoz" {Will++ Str-5}
                  | (Okawaru gifted it to you on level 4 of the Vaults)
 36720 | Vaults:4 | Received a gift from Okawaru
 36767 | Vaults:4 | 36767 ||| PLANNING SNAKE:4
 36767 | Vaults:4 | 36767 ||| DROPPING +0 cloak "Yqejau Suoz" {Will++ Str-5}.
 37095 | Snake:4  | Entered Level 4 of the Snake Pit
 37110 | Snake:4  | Found Laedyboe's Armour Emporium.
 37118 | Snake:4  | 37118 ||| Stepping ~*~*~tactically~*~*~ (hiding).
 37119 | Snake:4  | 37119 ||| Stepping ~*~*~tactically~*~*~ (hiding).
 37277 | Snake:4  | Identified the +3 scale mail of Gira {Dex+3}
 37317 | Snake:4  | 37317 ||| Stepping ~*~*~tactically~*~*~ (hiding).
 37386 | Snake:4  | 37386 ||| Stepping ~*~*~tactically~*~*~ (hiding).
 37396 | Snake:4  | 37396 ||| Stepping ~*~*~tactically~*~*~ (hiding).
 37469 | Snake:4  | 37469 ||| Stepping ~*~*~tactically~*~*~ (stealth).
 37470 | Snake:4  | 37470 ||| Stepping ~*~*~tactically~*~*~ (hiding).
 37475 | Snake:4  | 37475 ||| Stepping ~*~*~tactically~*~*~ (hiding).
 37476 | Snake:4  | 37476 ||| Stepping ~*~*~tactically~*~*~ (hiding).
 37633 | Snake:4  | Reached ****** piety under Okawaru
 37641 | Snake:4  | Reached skill level 20 in Shields
 37644 | Snake:4  | Noticed Vashnia
 37646 | Snake:4  | 37646 ||| INVOKING Heroism.
 37654 | Snake:4  | Killed Vashnia
 37656 | Snake:4  | HP: 29/143 [nagaraja/+0 spear (8)]
 37659 | Snake:4  | 37659 ||| READING 16 scrolls of teleportation.
 37662 | Snake:4  | HP: 7/143 [naga warrior/+1 glaive of venom (10)]
 38026 | Snake:4  | 38026 ||| Stepping ~*~*~tactically~*~*~ (stealth).
 38054 | Snake:4  | 38054 ||| INVOKING Heroism.
 38198 | Snake:4  | 38198 ||| Stepping ~*~*~tactically~*~*~ (hiding).
 38206 | Snake:4  | Received a gift from Okawaru
 38264 | Snake:4  | Got a serpentine rune of Zot
 38388 | Snake:4  | 38388 ||| PLANNING DEPTHS
 38601 | Depths:1 | Entered Level 1 of the Depths
 38601 | Depths:1 | Noticed the Enchantress
 38602 | Depths:1 | 38602 ||| INVOKING Heroism.
 38603 | Depths:1 | 38603 ||| INVOKING Finesse.
 38606 | Depths:1 | Reached skill level 18 in Armour
 38611 | Depths:1 | Killed the Enchantress
 38708 | Depths:1 | Found a runed translucent door.
 38728 | Depths:1 | 38728 ||| INVOKING Heroism.
 38732 | Depths:1 | Noticed Sojobo
 38733 | Depths:1 | 38733 ||| INVOKING Finesse.
 38740 | Depths:1 | Found a one-way gateway to a ziggurat.
 38752 | Depths:1 | Killed Sojobo
 38752 | Depths:1 | Received a gift from Okawaru
 38785 | Depths:1 | 38785 ||| Stepping ~*~*~tactically~*~*~ (hiding).
 38790 | Depths:1 | 38790 ||| Stepping ~*~*~tactically~*~*~ (hiding).
 38809 | Depths:1 | 38809 ||| Stepping ~*~*~tactically~*~*~ (hiding).
 38810 | Depths:1 | 38810 ||| Stepping ~*~*~tactically~*~*~ (hiding).
 38823 | Depths:1 | 38823 ||| Stepping ~*~*~tactically~*~*~ (hiding).
 38965 | Depths:1 | 38965 ||| INVOKING Heroism.
 38969 | Depths:1 | 38969 ||| INVOKING Finesse.
 39158 | Depths:1 | 39158 ||| Stepping ~*~*~tactically~*~*~ (stealth).
 39159 | Depths:1 | 39159 ||| Stepping ~*~*~tactically~*~*~ (stealth).
 39263 | Depths:1 | Found a gateway to Hell.
 39284 | Depths:1 | 39284 ||| INVOKING Heroism.
 39285 | Depths:1 | 39285 ||| INVOKING Finesse.
 39465 | Depths:1 | 39465 ||| Stepping ~*~*~tactically~*~*~ (hiding).
 39466 | Depths:1 | 39466 ||| Stepping ~*~*~tactically~*~*~ (hiding).
 39806 | Depths:1 | Paralysed by a floating eye for 3 turns
 40258 | Depths:1 | Paralysed by a floating eye for 2 turns
 40678 | Depths:1 | Paralysed by a floating eye for 4 turns
 40743 | Depths:1 | Paralysed by a floating eye for 2 turns
 40862 | Depths:1 | Paralysed by a floating eye for 4 turns
 41166 | Depths:1 | Paralysed by a floating eye for 2 turns
 41226 | Depths:1 | Paralysed by a floating eye for 4 turns
 41288 | Depths:1 | Paralysed by a floating eye for 2 turns
 41470 | Depths:1 | Paralysed by a floating eye for 3 turns
 41653 | Depths:1 | Paralysed by a floating eye for 4 turns
 41896 | Depths:1 | Paralysed by a floating eye for 3 turns
 42136 | Depths:1 | Paralysed by a floating eye for 4 turns
 42441 | Depths:1 | Paralysed by a floating eye for 4 turns
 42803 | Depths:1 | Paralysed by a floating eye for 4 turns
 42868 | Depths:1 | Paralysed by a floating eye for 2 turns
 42988 | Depths:1 | Paralysed by a floating eye for 3 turns
 43170 | Depths:1 | Paralysed by a floating eye for 2 turns
 43230 | Depths:1 | Paralysed by a floating eye for 4 turns
 43292 | Depths:1 | Paralysed by a floating eye for 3 turns
 43356 | Depths:1 | Paralysed by a floating eye for 3 turns
 43598 | Depths:1 | Paralysed by a floating eye for 2 turns
 43644 | Depths:1 | Glimpsed the power of Zot.
 43779 | Depths:1 | Paralysed by a floating eye for 4 turns
 44144 | Depths:1 | Glimpsed the power of Zot.
 44202 | Depths:1 | Paralysed by a floating eye for 4 turns
 44544 | Depths:1 | Glimpsed the power of Zot.
 44566 | Depths:1 | Paralysed by a floating eye for 2 turns
 44626 | Depths:1 | Paralysed by a floating eye for 2 turns
 44644 | Depths:1 | Touched by the power of Zot.
 44645 | Depths:1 | Glimpsed the power of Zot.
 44867 | Depths:1 | Paralysed by a floating eye for 2 turns
 45145 | Depths:1 | Glimpsed the power of Zot.
 45347 | Depths:1 | Paralysed by a floating eye for 3 turns
 45545 | Depths:1 | Glimpsed the power of Zot.
 45591 | Depths:1 | Paralysed by a floating eye for 3 turns
 45644 | Depths:1 | Touched by the power of Zot.
 45645 | Depths:1 | Glimpsed the power of Zot.
 45653 | Depths:1 | Paralysed by a floating eye for 2 turns
 45891 | Depths:1 | Paralysed by a floating eye for 2 turns
 46145 | Depths:1 | Glimpsed the power of Zot.
 46312 | Depths:1 | Paralysed by a floating eye for 2 turns
 46545 | Depths:1 | Glimpsed the power of Zot.
 46644 | Depths:1 | Touched by the power of Zot.
 46645 | Depths:1 | Glimpsed the power of Zot.
 46855 | Depths:1 | Paralysed by a floating eye for 4 turns
 47145 | Depths:1 | Glimpsed the power of Zot.
 47159 | Depths:1 | Paralysed by a floating eye for 2 turns
 47279 | Depths:1 | Paralysed by a floating eye for 3 turns
 47413 | Depths:1 | 47413 ||| PLANNING DEPTHS
 47413 | Depths:1 | 47413 ||| PLANNING DEPTHS
 47497 | Depths:1 | Paralysed by a floating eye for 2 turns
 47500 | Depths:1 | Quit the game

Levels and vault maps discovered:
D:1:      dpeg_arrival_rooms_a, layout_loops_ring,
          ebering_ecumenical_altar_mist, serial_shops,
          nicolae_shop_overgrown_old_shop
D:2:      layout_basic
D:3:      minmay_goblin_kobold_castle, layout_loops_corners,
          portal_sewer_entry_f, gammafunk_ghost_split,
          minmay_misc_feat_four_crosses
D:4:      layout_basic, kennysheep_little_box, minmay_temple_entry_glassed_door,
          kennysheep_cluttered_room, uniq_edmund, uniq_grinder, uniq_eustachio
D:5:      layout_loops_ring, nicolae_overflow_crystal_walls, uniq_sigmund,
          uniq_menkaure
D:6:      layout_loops_ring, gammafunk_ghost_arena,
          chequers_serial_rivers_micro_d, minmay_misc_feat_plants
D:7:      layout_loops_cross, lemuel_coloured_pillars_altar, lemuel_tele_altar
D:8:      layout_loops_corners, enter_bailey_4, nicolae_water_bricks
D:9:      minmay_the_grid_four_pointed_star [minmay_the_grid_triangle_9x9_cache,
          minmay_the_grid_triangle_9x9_pentomino_pain,
          minmay_the_grid_triangle_9x9_odd_lines,
          minmay_the_grid_triangle_9x9_intruding_spiral,
          minmay_the_grid_prize_trominoes], layout_irregular_city,
          evilmike_ruin_ashenzari, dreamdust_mushroom_princess
D:10:     layout_long_grid, orc_0_dummy, serial_shops, shop, serial_rivers,
          chequers_serial_rivers_large_b, chequers_serial_rivers_micro_d,
          chequers_serial_rivers_micro_a, chequers_serial_rivers_small_a,
          chequers_serial_rivers_large_a, chequers_serial_rivers_micro_c,
          minmay_misc_feat_columns, uniq_harold
D:11:     layout_roguey, minmay_lair_entry_lava
D:12:     layout_cave_pools, uniq_nergalle, uniq_snorg, uniq_jorgrun
D:13:     layout_rooms, hangedman_vaults_entry_quadrant_bands,
          hellmonk_guarded_unrand_lears
D:14:     layout_stronghold, due_unseen_surprise
D:15:     gammafunk_depths_entry_grave, layout_cross
Temple:   minmay_temple_bridge_d
Lair:1:   minmay_lair_venomous_thicket, layout_regular_city,
          columned_hall_lemuel, chequers_serial_rivers_small_3,
          grunt_megastairs_2
Lair:2:   layout_regular_city, elwin_shoals_entry_rooms,
          infiniplex_staircase_pool_2, lemuel_fruit_fields
Lair:3:   layout_gridlike, nicolae_snake_entry_squirm,
          chequers_serial_rivers_micro_a, serial_bayou_lagoon_b, uniq_fannar
Lair:4:   layout_roguey, dpeg_slime_entry_enclosed,
          nicolae_volcano_entry_hallway, serial_rivers,
          chequers_serial_rivers_micro_c, chequers_serial_rivers_small_3,
          chequers_serial_rivers_small_a, chequers_serial_rivers_marsh,
          chequers_serial_rivers_micro_c, portal_ice_cave_entry_pillars_1,
          dpeg_oklob_1
Lair:5:   hangedman_lair_in_review, layout_regular_city
Shoals:1: layout_shoals, serial_shops, shop, uniq_frances, uniq_nikola
Shoals:2: layout_shoals, uniq_ilsuiw, uniq_roxanne, uniq_polyphemus
Shoals:3: layout_shoals, serial_shops, shop, nicolae_shoals_drake_roost
Shoals:4: shoals_end_grunt_ice, layout_shoals,
          nicolae_shoals_arrival_archipelago
Snake:1:  layout_honeycomb, basic_altar
Snake:2:  layout_rooms, basic_altar, minmay_shoptagon, grunt_megastairs_5
Snake:3:  layout_grid_maze
Snake:4:  johnstein_snake_rune_scales, layout_misc_corridors, serial_shops,
          shop, st_stairs_12, hangedman_snake_wide_pillar_pass,
          beargit_elvish_explorers
Orc:1:    layout_caves, serial_shops, nicolae_shop_real_fake_doors
Orc:2:    st_orc_rangers, layout_diamond_mine
Vaults:1: v_misc_23, nicolae_vaults_tetromino_T_1, nicolae_vaults_octothorpe,
          ontoclasm_vaults_fault, nicolae_vaults_octothorpe,
          nicolae_vaults_mini_display_case, layout_vaults_chaotic_city,
          uniq_donald
Vaults:2: nicolae_vaults_house_2, nicolae_vaults_trapezoid_2, vaults_mumra_hex,
          nicolae_vaults_security_offices_4,
          nicolae_vaults_door_testing_chamber, vaults_room_hallway,
          nicolae_vaults_closet_pinwheel_2, hangedman_vaults_snaps,
          nicolae_vaults_specimen_jars, layout_vaults_omnigrid
Vaults:3: nicolae_vaults_twisting_passages, nicolae_vaults_little_squares_3,
          vaults_room_grid, vaults_room_grid, nicolae_vaults_double_plus_3,
          nicolae_vaults_windows_and_doors_thing, blue_anna_dwarven_crypt,
          v_rooms_4, nicolae_vaults_what_the_h, grunt_vaults_focal,
          hangedman_vaults_variations, nicolae_vaults_murder_corner,
          ontoclasm_vaults_eye, layout_vaults_omnicross
Vaults:4: nicolae_vaults_triangles, nicolae_vaults_offset_grid_hallway_3,
          hangedman_vaults_nodes, nicolae_vaults_three_branches,
          vaults_dpeg_diagonal, hangedman_vaults_cutoff, ontoclasm_vaults_tryst,
          v_misc_28, nicolae_vaults_tetromino_L_2,
          nicolae_vaults_frosty_reception, nicolae_vaults_storage_room_glass,
          layout_vaults_omnibox, uniq_mennas
Depths:1: layout_small_grid, enter_ziggurat_c, hell_entry, minmay_acid_items,
          grunt_megastairs_3, uniq_sojobo, uniq_enchantress

Skill      XL: |  1  2  3  4  5  6  7  8  9 10 11 12 13 14 15 16 17 18 19 20 21 |
---------------+----------------------------------------------------------------+-----
Axes           | 2 3 4 5 6 8 9 10 12 14 15 16 18 | 18.0
Dodging        | 1 2 3 4 5 6 7 8 |  8.5
Fighting       | 4 5 7 8 10 11 12 13 15 16 18 19 | 19.0
Armour         | 4 5 6 7 9 10 11 12 14 15 17 18 | 18.1
Shields        | 5 8 15 16 17 18 19 20 | 20.0
Invocations    | 4 7 10 | 10.0
Throwing       | 2 6 7 8 9 10 | 10.2

Action                     |  1- 3 |  4- 6 |  7- 9 | 10-12 | 13-15 | 16-18 | 19-21 || total
---------------------------+-------+-------+-------+-------+-------+-------+-------++-------
  Melee: War axe           |    57 |       |       |       |       |       |       ||    57
         Broad axe         |    27 |   111 |    82 |   273 |   519 |   840 |   805 ||  2657
         Morningstar       |       |       |       |       |    29 |       |       ||    29
  Throw: Boomerang         |       |    47 |    42 |    64 |   157 |     8 |       ||   318
         Javelin           |       |       |       |    32 |    51 |    87 |   101 ||   271
 Invoke: Heroism           |       |       |     5 |    19 |    30 |    39 |    23 ||   116
         Finesse           |       |       |       |     2 |     9 |     6 |    10 ||    27
    Use: Scroll            |     5 |     4 |     4 |    14 |     3 |     4 |     3 ||    37
         Potion            |       |     3 |     1 |     4 |       |     1 |     2 ||    11
   Stab: Distracted        |       |       |       |     1 |    13 |    21 |    24 ||    59
 Armour: Scale mail        |    39 |    21 |       |       |       |       |       ||    60
         Plate armour      |       |    11 |    18 |    48 |    94 |   216 |   140 ||   527
  Dodge: Dodged            |    41 |    70 |    16 |    62 |   136 |   235 |   151 ||   711
  Block: Buckler           |    15 |    14 |     2 |       |       |       |       ||    31
         Tower shield      |       |       |    46 |   237 |   404 |   799 |   515 ||  2001

Table legend:
 A = Non-vault XP
 B = Vault XP
 C = Vault XP percentage of total XP
 D = Non-vault monster count
 E = Vault monster count
 F = Vault count percentage of total count
                 A         B        C        D         E       F
            +---------+---------+-------+---------+---------+-------
      Total |  345656 |  226822 |  39.6 |     891 |     456 |  33.9
            +---------+---------+-------+---------+---------+-------
        D:1 |      32 |       0 |   0.0 |      14 |       0 |   0.0
        D:2 |      77 |       0 |   0.0 |      25 |       0 |   0.0
        D:3 |     129 |     217 |  62.7 |      21 |      63 |  75.0
        D:4 |     211 |     655 |  75.6 |      25 |       3 |  10.7
        D:5 |     663 |     379 |  36.4 |      22 |       2 |   8.3
        D:6 |     748 |       0 |   0.0 |      12 |       0 |   0.0
        D:7 |     426 |       0 |   0.0 |       5 |       0 |   0.0
        D:8 |    1409 |      11 |   0.8 |      22 |       5 |  18.5
        D:9 |    4108 |    5274 |  56.2 |      36 |       8 |  18.2
       D:10 |    1124 |     857 |  43.3 |       5 |       1 |  16.7
       D:11 |    3857 |     759 |  16.4 |      22 |       1 |   4.3
       D:12 |    2909 |    3537 |  54.9 |       7 |       3 |  30.0
       D:13 |    7270 |    7312 |  50.1 |      16 |      18 |  52.9
       D:14 |    7928 |       0 |   0.0 |      15 |       0 |   0.0
       D:15 |   16520 |    5507 |  25.0 |      30 |       8 |  21.1
     Lair:1 |    3086 |    2095 |  40.4 |       9 |      14 |  60.9
     Lair:2 |    7140 |     321 |   4.3 |      25 |       1 |   3.8
     Lair:3 |    7880 |    1356 |  14.7 |      33 |       4 |  10.8
     Lair:4 |    9149 |    2177 |  19.2 |      27 |       4 |  12.9
     Lair:5 |   10078 |    9714 |  49.1 |      38 |      21 |  35.6
   Shoals:1 |    8531 |    3632 |  29.9 |      17 |       2 |  10.5
   Shoals:2 |   24873 |   10106 |  28.9 |      45 |      12 |  21.1
   Shoals:3 |   19479 |    2260 |  10.4 |      40 |       9 |  18.4
   Shoals:4 |   15034 |   28734 |  65.7 |      34 |      39 |  53.4
    Snake:1 |    7208 |       0 |   0.0 |      13 |       0 |   0.0
    Snake:2 |   15831 |    1638 |   9.4 |      34 |       6 |  15.0
    Snake:3 |   19013 |       0 |   0.0 |      32 |       0 |   0.0
    Snake:4 |   12739 |   32013 |  71.5 |      28 |      45 |  61.6
      Orc:1 |    2853 |       0 |   0.0 |      14 |       0 |   0.0
      Orc:2 |    5457 |    4625 |  45.9 |      39 |      41 |  51.2
   Vaults:1 |   25900 |    3160 |  10.9 |      38 |       3 |   7.3
   Vaults:2 |   33058 |   15098 |  31.4 |      45 |      18 |  28.6
   Vaults:3 |   21966 |   37122 |  62.8 |      34 |      49 |  59.0
   Vaults:4 |   31836 |   29152 |  47.8 |      48 |      33 |  40.7
   Depths:1 |   17134 |   18986 |  52.6 |      21 |      16 |  43.2
      Sewer |       0 |     125 | 100.0 |       0 |      27 | 100.0
            +---------+---------+-------+---------+---------+-------
